Workbook

Sheet PROCESOS 2025
A1: ESTADO | B1: Nº | C1: FECHA RECEPCION SOLICITUD | D1: TIPO DE SOLICITUD | E1: DEPTO. Y DIV. | F1: CONS/REPU/LUBR/SEVA/INVE | G1: NRO SOLCOM / PEDIMATS | H1: CANTIDAD ITEMS / NRO ITEMS | I1: Nº STOCK | J1: NOMBRE PEDIMENTO / DESCRIPCION ITEMS | K1: ESTADO ITEM | L1: CANTIDAD PAPELETA | M1: CANT. SOLICITADA | N1: CANTIDAD ENTREGADA | O1: VALOR UNITARIO | P1: VALOR TOTAL | Q1: ORDEN DE COMPRA SALINO | R1: CENTRO DE COSTO | S1: OT
B2: 1 | C2: 31/01/2025 | D2: PEDIMENTO | E2: ING / REMO | F2: LTP | H2: 3 | J2: PEDIMENTO COMPRA DE EXTINTORES NUEVOS | P2: =SUM(P3:P5) -> 999040 | Q2: N/C
H3: ITEM 1 | I3: N/C | J3: EXTINTOR NUEVO CERTIFICADO CO2-BC CAP 5KG CON SOPORTE | K3: NO COMPRADO | L3: 4 | M3: 4 | N3: 4 | O3: 49952 | P3: =O3*M3 -> 199808
H4: ITEM 2 | I4: N/C | J4: EXTINTOR NUEVO CERTIFICADO CO2-BC CAP 10KG AL 75% F. AMONIO CON SOPORTE. | K4: NO COMPRADO | L4: 6 | M4: 6 | N4: 6 | O4: 49952 | P4: =O4*M4 -> 299712
H5: ITEM 3 | I5: N/C | J5: EXTINTOR NUEVO CERTIFICADO ESPUMA ACERO INOX. CAP. 10 LITROS CON SOPORTE | K5: NO COMPRADO | L5: 10 | M5: 10 | N5: 10 | O5: 49952 | P5: =O5*M5 -> 499520
A6: OK | B6: 2 | C6: 23/01/2025 | D6: PEDIMENTO | E6: ING / REMO | F6: LTP | H6: 1 | J6: EQUIPO DE OXICORTE | P6: =P7 -> 199000
H7: ITEM 1 | I7: S9200-606943 | J7: EQUIPO DE OXICORTE | K7: NO COMPRADO | L7: 1 | M7: 1 | N7: 1 | O7: 199000 | P7: =M7*O7 -> 199000
A8: OK | C8: 23/01/2025 | D8: PEDIMENTO | E8: ING / REMO | H8: 1 | J8: CALIBRACION Y CERTIFICACION DE SENSORES DE GAS | P8: NA
H9: ITEM 1 | I9: N/C | J9: CALIBRACION Y CERTIFICACION DE SENSORES H2S | K9: NO COMPRADO | L9: 6 | M9: 6 | N9: 6 | O9: NA | P9: NA
H10: ITEM 2 | I10: N/C | J10: CALIBRACION Y CERTIFICACION DE SENSORES R134A | K10: NO COMPRADO | L10: 8 | M10: 8 | N10: 8 | O10: NA | P10: NA
A11: OK | C11: 23/01/2025 | D11: PEDIMENTO | E11: ING / REMO | F11: REPU | G11: M17244 | H11: 1 | J11: PRESOSTATO DE ALTA PRESION | P11: =P12 -> 777097
H12: ITEM 1 | I12: 4985922 | J12: SWITCH,PRESSURE | K12: 3 | L12: 1 | M12: 1 | N12: 1 | O12: 777097 | P12: =M12*O12 -> 777097
A13: OK | C13: 23/01/2025 | D13: PEDIMENTO | E13: ING / REMO | F13: CONS | H13: 1 | J13: CAPERUZA PARA ENTRENAMIENTO | P13: =P14 -> 0
H14: ITEM 1 | I14: N/C | J14: ESCALVINA BLANCA 18 | K14: NO COMPRADO | L14: 30 | O14: 38430 | P14: =O14*M14 -> 0
A15: OK | C15: 23/01/2025 | D15: PEDIMENTO | E15: ING / REMO | F15: CONS | H15: 1 | J15: PITON DE INCENDIO ELKHAR | P15: =P16 -> 0
H16: ITEM 1 | I16: N/C | J16: PITON DE INCENDIO | K16: NO COMPRADO | L16: 1 | O16: 0 | P16: =M16*O16 -> 0
A17: IR AL VALPABAS | C17: 23/01/2025 | D17: SERVMAD | E17: ING / REMO | F17: SEVA | H17: 3 | J17: ADQUISICIÓN IMPRENTA
A18: IR AL VALPABAS | C18: 23/01/2025 | D18: SERVMAD | E18: ING / REMO | F18: SEVA | H18: ITEM 1 | I18: N/C | J18: TARJETAS EXTIN. HALON | K18: POR COMPRAR CON FOFI | L18: 100 | M18: 100 | O18: 250 | P18: =M18*O18 -> 25000
H19: ITEM 2 | I19: N/C | J19: TARJETAS PESO EXT. PQS | K19: COMPRADO | L19: 200 | M19: 200 | O19: 250 | P19: =M19*O19 -> 50000
H20: ITEM 3 | I20: N/C | J20: TARJETAS PESO EXT. CO2 | K20: COMPRADO | L20: 200 | M20: 200 | O20: 250 | P20: =M20*O20 -> 50000
A21: OK | B21: 2 | C21: 23/01/2025 | D21: SOLCOM | E21: ING | F21: CONS | G21: 162250 | H21: 1 | I21: N/C | J21: MUESTRAS DE ACEITE | P21: 641410 | Q21: BQABCC | R21: 9030000S34069X12211999 | S21: PV16920
H22: ITEM 1 | I22: N/C | J22: MUESTRAS DE ACEITE | K22: COMPLETO | M22: 22 | O22: =24500*1.19 -> 29155 | P22: =M22*O22 -> 641410
A23: OK | B23: 3 | C23: 31/01/2025 | D23: PEDIMENTO | E23: AB/ SUR 2 | F23: INVE | G23: K15536 | H23: 1 | J23: TRITURADORA | P23: =P24 -> 1925000 | Q23: N/C | R23: 427700001246IH8800INVE | S23: N/C
H24: ITEM 1 | I24: X239706 | J24: DESTRUCTORA DE PAPEL | K24: COMPLETO | M24: 1 | O24: 1925000 | P24: =O24*M24 -> 1925000
A25: IR A VALPABAS PARA RETIRAR | B25: 4 | C25: 31/01/2025 | D25: PEDIMENTO | E25: SSAA / TANGO | F25: REPU | G25: J15108 | H25: 1 | J25: REPUESTOS SSAA 1 | P25: =P26 -> 340599 | Q25: N/C | R25: 427700002432DW8800REPU | S25: SIN OT
H26: ITEM 1 | I26: 14784657 | J26: BATTERY | K26: 2 | M26: 3 | O26: 113533 | P26: =O26*M26 -> 340599
A27: PEDIMATS CONFECCIONADO | B27: 5 | C27: 31/01/2025 | D27: PEDIMENTO | E27: ING / ANCLA | F27: REPU | G27: H15230 | H27: 20 | J27: REPUESTOS ING 2 | P27: =SUM(P28:P49) -> 12881896 | Q27: N/C | R27: 427700002432DW8800REPU | S27: PV16928
H28: ITEM 1 | I28: 10645525 | J28: THERMOCOUPLE | K28: 3 | L28: 1 | M28: 1 | O28: 0 | P28: =O28*M28 -> 0
H29: ITEM 2 | I29: 12094587 | J29: BREATHER | K29: 3 | L29: 9 | M29: 9 | O29: 133066.2 | P29: =O29*M29 -> 1197595.8
H30: ITEM 3 | I30: 15175098 | J30: FILTER ELEMENT,AIR | K30: 3 | L30: 1 | M30: 1 | O30: 1270000 | P30: =O30*M30 -> 1270000
H31: ITEM 4 | I31: 14202548 | J31: SWITCH,PRESSURE | K31: 3 | L31: 2 | M31: 2 | O31: 0 | P31: =O31*M31 -> 0
H32: ITEM 5 | I32: 15175100 | J32: FILTER ELEMENT,AIR | K32: 3 | L32: 1 | M32: 1 | O32: 600000 | P32: =O32*M32 -> 600000
H33: ITEM 6 | I33: 15075234 | J33: RESISTOR,THERMAL | K33: 3 | L33: 1 | M33: 1 | O33: 325716 | P33: =O33*M33 -> 325716
H34: ITEM 7 | I34: 14554899 | J34: SPEED SENSOR,DIESEL | K34: 3 | L34: 2 | M34: 2 | O34: 141532 | P34: =O34*M34 -> 283064
H35: ITEM 8 | I35: 14841207 | J35: FILTER ELEMENT,FLUID | K35: 3 | L35: 10 | M35: 10 | O35: 58667 | P35: =O35*M35 -> 586670
H36: ITEM 9 | I36: 15175097 | J36: FILTER ELEMENT,AIR | K36: 3 | L36: 1 | M36: 1 | O36: 900000 | P36: =O36*M36 -> 900000
H37: ITEM 10 | I37: 14293311 | J37: FILTER ELEMENT,INTAKE | K37: 3 | L37: 4 | M37: 4 | O37: 425187.3 | P37: =O37*M37 -> 1700749.2
H38: ITEM 11 | I38: 14693125 | J38: FILTER,FLUID | K38: 3 | L38: 12 | M38: 12 | O38: 22517.2 | P38: =O38*M38 -> 270206.4
H39: ITEM 12 | I39: 15065120 | J39: TRANSMITTER,PRESSURE | K39: 3 | L39: 2 | M39: 2 | O39: 0 | P39: =O39*M39 -> 0
... H43: ITEM 16 | I43: 11989617 | J43: FILTER ELEMENT,FLUID | K43: 3 | L43: 2 | M43: 2 | O43: 326582 | P43: =O43*M43 -> 653164
H44: ITEM 17 | I44: 11851226 | J44: FILTER ELEMENT, FLUID | K44: NO COMPRADO | L44: 2
H45: ITEM 18 | I45: 10053702 | J45: O-RING | K45: 3 | L45: 12 | M45: 12 | O45: 24100 | P45: =O45*M45 -> 289200
H46: ITEM 19 | I46: 15068870 | J46: FILTRO PRESION DE VACIO DECANTADOR | K46: NO COMPRADO | L46: 5
H47: ITEM 20 | I47: 15177075 | J47: GAGE ROD,LIQUID LEVEL | K47: 3 | L47: 1 | M47: 1 | O47: 51461 | P47: =O47*M47 -> 51461
H48: ITEM 21 | I48: 15216214 | J48: BELT,V | K48: 3 | L48: 4 | M48: 4 | O48: 26245 | P48: =O48*M48 -> 104980
H49: ITEM 22 | I49: 14554899 | J49: SPEED SENSOR,DIESEL | K49: 3 | L49: 4 | M49: 4 | O49: 141532 | P49: =O49*M49 -> 566128
A50: PEDIMATS CONFECCIONADO | B50: 6 | C50: 31/01/2025 | D50: PEDIMENTO | E50: ING / REMO | F50: REPU | G50: F15498 | H50: 9 | J50: REPUESTOS ING 3 | P50: =SUM(P51:P66) -> 901325 | Q50: N/C | R50: 427700002432DW8800REPU | S50: PV16796
H51: ITEM 1 | I51: 11893348 | J51: FILTER,FLUID | K51: 3 | L51: 1 | M51: 1 | O51: 0 | P51: =O51*M51 -> 0
H52: ITEM 2 | I52: 12402009 | J52: FILTER ELEMENT,FLUID | K52: 3 | L52: 2 | M52: 2 | O52: 10000 | P52: =O52*M52 -> 20000
H53: ITEM 3 | I53: X269236 | J53: BRAZING ALLOY,SILVER | K53: 3 | L53: 2 | M53: 2 | O53: 10650.5 | P53: =O53*M53 -> 21301
H54: ITEM 4 | I54: 14619613 | J54: ELEMENT,FILTER | K54: 3 | L54: 4 | M54: 4 | O54: 60579 | P54: =O54*M54 -> 242316
H55: ITEM 5 | I55: 123311339 | J55: FILTER ELEMENT,FLUID | K55: 3 | L55: 2 | M55: 2 | O55: 42700 | P55: =O55*M55 -> 85400
H56: ITEM 6 | I56: AR0018976 | J56: BOMBONA FREON | K56: 3 | L56: 5 | M56: 5 | O56: 90000 | P56: =O56*M56 -> 450000
H57: ITEM 7 | I57: 4730-00-991-8624 | J57: STRAINER OIL SUCCION | K57: NO COMPRADO | L57: 2
H58: ITEM 8 | I58: 2940-00-5806304 | J58: OIL FILTER | K58: NO COMPRADO | L58: 3
H59: ITEM 9 | I59: 59183 | J59: CADTRIGE, FILTER | K59: NO COMPRADO | L59: 2
H60: ITEM 10 | I60: N04823 | J60: INTAKE FILTER | K60: NO COMPRADO | L60: 4
H61: ITEM 11 | I61: 4330-01-136-9191 | J61: FILTRO DE 20 MICRAS | K61: NO COMPRADO | L61: 16
H62: ITEM 12 | I62: 1991611 | J62: FILTER ELEMENT,FLUID | K62: 3 | L62: 4 | M62: 4 | O62: 2919 | P62: =O62*M62 -> 11676
H63: ITEM 13 | I63: 4330-00-136-9191 | J63: FILTRO DESHIDRATADOR DCR0485 | K63: NO COMPRADO | L63: 5
H64: ITEM 14 | I64: 13509101 | J64: FILTER ELEMENT,FLUID | K64: 3 | L64: 1 | M64: 1 | O64: 23432 | P64: =O64*M64 -> 23432
H65: ITEM 15 | I65: 4330-01-408-7026 | J65: FILTRO DE 3 MICRAS | K65: NO COMPRADO | L65: 16
H66: ITEM 16 | I66: 121747823 | J66: FILTER ELEMENT,FLUID | K66: 3 | L66: 1 | M66: 1 | O66: 47200 | P66: =O66*M66 -> 47200
A67: PEDIMATS CONFECCIONADO | B67: 7 | C67: 31/01/2025 | D67: PEDIMENTO | E67: SSAA | F67: CONS | G67: F15454 | H67: 20 | J67: CONSUMOS SSAA 4 | P67: =SUM(P68:P87) -> 1325155 | Q67: N/C | R67: 427700002432DW8800CONS | S67: SIN OT
H68: ITEM 1 | I68: 2921102 | J68: ANTISEIZE COMPOUND | K68: 3 | M68: 5 | O68: 31535 | P68: =M68*O68 -> 157675
H69: ITEM 2 | I69: 55030 | J69: CARTRIDGE,WATER | K69: 3 | M69: 3 | O69: 164810.5 | P69: =M69*O69 -> 494431.5
H70: ITEM 3 | I70: AR0019723 | J70: CINTA AISLADORA | K70: 2 | M70: 5 | O70: 1903 | P70: =M70*O70 -> 9515
H71: ITEM 4 | I71: 6211820 | J71: LEAK TEST COMPOUND | K71: 2 | M71: 1 | O71: 121000 | P71: =M71*O71 -> 121000
H72: ITEM 5 | I72: 1272523 | J72: DESICCANT, ACTIVATED N | K72: 3 | M72: 10 | O72: 6890 | P72: =M72*O72 -> 68900
H73: ITEM 6 | I73: 1775094 | J73: SILICONE COMPOUND | K73: 3 | M73: 3 | O73: 15398.5 | P73: =M73*O73 -> 46195.5
H74: ITEM 7 | I74: X264363 | J74: KIT DESCOBRIZADOR | K74: 3 | M74: 1 | O74: 72828 | P74: =M74*O74 -> 72828
H75: ITEM 8 | I75: S012369 | J75: ISOPROPYL ALCOHOL | K75: 2 | M75: 5 | O75: 4581 | P75: =M75*O75 -> 22905
H76: ITEM 9 | I76: X260237 | J76: EYE PROTECCION | K76: 3 | M76: 5 | O76: 4300 | P76: =M76*O76 -> 21500
H77: ITEM 10 | I77: AR0019723 | J77: CINTA AISLADORA | K77: 2 | M77: 5 | O77: 1903 | P77: =M77*O77 -> 9515
H78: ITEM 11 | I78: 1272523 | J78: DESICCANT, ACTIVATED | K78: 3 | M78: 10 | O78: 6890 | P78: =M78*O78 -> 68900
H79: ITEM 12 | I79: S012369 | J79: ISOPROPYL ALCOHOL | K79: 2 | M79: 5 | O79: 4581 | P79: =M79*O79 -> 22905
H80: ITEM 13 | I80: 123769152 | J80: CONNECTOR,MODULAR | K80: 3 | M80: 10 | O80: 1787 | P80: =M80*O80 -> 17870
H81: ITEM 14 | I81: 123454518 | J81: CLEANING COMPOUND | K81: 3 | M81: 10 | O81: 3689 | P81: =M81*O81 -> 36890
H82: ITEM 15 | I82: 121796341 | J82: ADHESIVE | K82: 2 | M82: 2 | O82: 15826 | P82: =M82*O82 -> 31652
H83: ITEM 16 | I83: 992246082 | J83: ADHESIVE | K83: 3 | M83: 2 | O83: 18980 | P83: =M83*O83 -> 37960
H84: ITEM 17 | I84: 990207329 | J84: CORROSION PREVENTIVE | K84: 3 | M84: 10 | O84: 4165 | P84: =M84*O84 -> 41650
H85: ITEM 18 | I85: X235344 | J85: PASTA SOLAR 25 GR. PQ | K85: 3 | M85: 4 | O85: 1520 | P85: =M85*O85 -> 6080
H86: ITEM 19 | I86: X217746 | J86: SOLDER,TIN ALLOY | K86: 3 | M86: 6 | O86: 2 | P86: =M86*O86 -> 12
H87: ITEM 20 | I87: 121245785 | J87: PETROLATUM, | K87: 3 | M87: 1 | O87: 36771 | P87: =M87*O87 -> 36771
A88: PEDIMATS CONFECCIONADO | B88: 8 | C88: 31/01/2025 | D88: PEDIMENTO | E88: ING / MENA | F88: CONS | G88: M16153 | H88: 9 | J88: CONSUMOS ING 5 | P88: =SUM(P89:P101) -> 998760 | R88: 427700002432DW8800CONS | S88: SIN OT
H89: ITEM 1 | I89: S012369 | J89: ISOPROPYL ALCOHOL | K89: 2 | L89: 1 | M89: 1 | O89: 4581 | P89: =O89*M89 -> 4581
H90: ITEM 2 | I90: 2704697 | J90: LAMP,INCANDESCENT | K90: ENTREGADO POR 0 | L90: 50 | M90: 0 | N90: 0 | O90: 13623.98 | P90: =O90*M90 -> 0
H91: ITEM 3 | I91: 10445034 | J91: ANTI-SEIZE COMPOUND | K91: NO COMPRADO | L91: 1
H92: ITEM 4 | I92: 11029455 | J92: BRAKE FLUID, | K92: COMPLETO | L92: 3 | M92: 3 | N92: 3 | O92: 133818 | P92: =O92*M92 -> 401454
H93: ITEM 5 | I93: 5040540 | J93: FUSE,CARTRIDGE | K93: 3 | L93: 100 | M93: 5 | O93: 5122.4 | P93: =O93*M93 -> 25612
H94: ITEM 6 | I94: 10650395 | J94: FUSE,CARTRIDGE | K94: ENTREGADO POR 0 | L94: 100 | M94: 0 | N94: 0 | O94: 18083.98 | P94: =O94*M94 -> 0
H95: ITEM 7 | I95: 14062060 | J95: INHIBITOR,CORROSION, | K95: 3 | L95: 4 | M95: 1 | O95: 27500 | P95: =O95*M95 -> 27500
H96: ITEM 8 | I96: 4211862 | J96: LAMPARA INCANDESCENTE 115V | K96: NO COMPRADO | L96: 100
H97: ITEM 9 | I97: 7637744 | J97: LAMP,INCANDESCENT | K97: COMPLETO | L97: 500 | M97: 330 | N97: 9 | O97: 54495.913 | P97: 490463
H98: ITEM 10 | I98: 7648237 | J98: LAMP,INCANDESCENT | K98: 3 | L98: 100 | M98: 10 | O98: 1583.4 | P98: =O98*M98 -> 15834
H99: ITEM 11 | I99: 660935658 | J99: BRAKE FLUID, | K99: 3 | L99: 4 | M99: 4 | O99: 8329 | P99: =O99*M99 -> 33316
H100: ITEM 12 | I100: SOLCOM | J100: MUESTRAS DE ACEITE | K100: NO COMPRADO | L100: 30
H101: ITEM 13 | I101: 8922264 | J101: TUBO DE PRUEBA CON POLVO REACTIVO | K101: NO COMPRADO | L101: 100
A102: PEDIMATS CONFECCIONADO | B102: 9 | C102: 31/01/2025 | D102: PEDIMENTO | E102: ING / MENA | F102: CONS | G102: G14834 | H102: 1 | J102: CONSUMOS ING 6 | P102: 54383 | Q102: N/C | R102: 427700002432DW8800CONS | S102: SIN OT
H103: ITEM 1 | I103: 998821485 | J103: SORBENT,OIL | K103: 3 | M103: 1 | O103: 54383 | P103: 54383
...

Sheet RESUMEN J.E. 2025 GASTADO
A1: RESUMEN GENERAL 2025 | J1: ASIGNACIÓN TOTAL 2025 | K1: MONTO | M1: DETALLE SOLICITADO POR CRÉDITOS | N1: MONTO
A2: REPUESTO | C2: CONSUMO | E2: LUBRICANTE | G2: SERVMAD | J2: =+A4+C4+E4+G4 -> 81358023 | M2: REPU | N2: =+B12 -> 20429966
A3: ASIGNACIÓN INICIAL AÑO 2025 | C3: ASIGNACIÓN INICIAL AÑO 2025 | E3: ASIGNACIÓN INICIAL AÑO 2025 | G3: ASIGNACIÓN INICIAL AÑO 2025 | J3: DEPTO. | M3: CONS | N3: =+D12 -> 4746286.6
A4: 23430212 | C4: =14069788+375550 -> 14445338 | E4: 19482473 | G4: 24000000 | J4: ING | K4: =+B8+D8+F8+H8 -> 22038737 | M4: LUBR | N4: =+F12 -> 7390200.5
A5: DEPTO | B5: REQUERIMIENTO | C5: DEPTO | D5: REQUERIMIENTO | E5: DEPTO | F5: REQUERIMIENTO | G5: DEPTO | H5: REQUERIMIENTO | J5: SSAA | K5: =+B9+D9+F9+H9 -> 1383673 | M5: SEVA | N5: =+H12 -> 10013258
J6: OPER | K6: =+B10+D10+F10+H10 -> 0 | M6: TOTAL | N6: =SUM(N2:N5) -> 42579711
A7: CONS TÉCNICOS | B7: 0 | C7: CONS TÉCNICOS | D7: 0 | E7: CONS TÉCNICOS | F7: 0 | G7: CONS TÉCNICOS | H7: 0 | J7: AB | K7: =+B11+D11+F11+H11 -> 15355901
A8: ING | B8: =SUM('REPU 2025'!P50,'REPU 2025'!P61,'REPU 2025'!P77) -> 2757621 | C8: ING | D8: =SUM('CONS 2025'!P22,'CONS 2025'!P46,'CONS 2025'!P63) -> 7188844 | E8: ING | F8: =SUM('LUBR 2025'!P6,'LUBR 2025'!P14,'LUBR 2025'!P19) -> 12092272 | G8: ING | H8: 0 | I8: =-#REF! -> #REF! | J8: SOLICITADO | K8: =SUM(K4:K7) -> 38778312
A9: SSAA | B9: =SUM('REPU 2025'!P82) -> 242625 | C9: SSAA | D9: =SUM('CONS 2025'!P80) -> 1141048 | E9: SSAA | F9: 0 | G9: SSAA | H9: 0 | J9: CONS TÉCNICOS | K9: =+B7+D7+F7+H7 -> 0
A10: OPER | B10: 0 | C10: OPER | D10: 0 | E10: OPER | F10: 0 | G10: OPER | H10: 0 | J10: SALDO FINAL SOLICITADO | K10: =SUM(K8:K9) -> 38778312 | M10: DEPTO. | N10: SEVA | O10: REPU | P10: LUBR | Q10: CONS
A11: AB | B11: 0 | C11: AB | D11: =SUM('CONS 2025'!P131) -> 1369159.4 | E11: AB | F11: 0 | G11: AB | H11: =SUM('SEVA 2025'!R27,'SEVA 2025'!R34) -> 13986742 | M11: AB | O11: 0 | P11: 0 | Q11: 0
A12: DISPONIBLE REPU | B12: =A4-B7-B8-B9-B10-B11 -> 20429966 | C12: DISPONIBLE CONS | D12: =C4-D7-D8-D9-D10-D11 -> 4746286.6 | E12: DISPONIBLE LUBR | F12: =E4-F7-F8-F9-F10-F11 -> 7390200.5 | G12: DISPONIBLE SEVA | H12: =G4-H7-H8-H9-H10-H11 -> 10013258 | M12: SSAA | N12: 0
M13: ING | N13: 0
A14: SUBTOTAL (SIN SERVMAD) | B14: =SUM(A4:F4) -> 57358023 | M14: OPER | N14: 0
A16: SOLICITADO REPU (DISPONIBLE MENOS SOLICITADO) | B16: =A4-B12-1 -> 3000245 | C16: SOLICITADO CONS (DISPONIBLE MENOS SOLICITADO) | D16: =C4-D12 -> 9699051.4 | E16: SOLICITADO LUBR (DISPONIBLE MENOS SOLICITADO) | F16: =E4-F12 -> 12092272 | G16: SOLICITADO SEVA (DISPONIBLE MENOS SOLICITADO) | H16: =G4-H12 -> 13986742 | O16: 25% REPU SSAA | P16: 5% LUBR SSAA | Q16: 25% CONS SSAA
A17: TOTALES | O17: 75% REPU ING | P17: 95% LUBR ING | Q17: 75% CONS ING
A19: porcentaje | B19: =B16*100/A4 -> 12.805027 | D19: =D16*100/C4 -> 67.143125 | F19: =F16*100/E4 -> 62.067441 | H19: =H16*100/G4 -> 58.278092 | I19: =I12*100/H4 -> #DIV/0!

Sheet REPU 2025
A1: Nº | B1: FECHA RECEPCION SOLICITUD | C1: TIPO DE SOLICITUD | D1: DEPTO. Y DIV. | E1: NRO SOLCOM / PEDIMATS | F1: ORCOM / RECOM SALINO | G1: CUENTA DE GASTO | H1: NRO OT | I1: NRO ITEMS | J1: Nº STOCK | K1: DESCRIPCION ITEMS | L1: CANT. PAPELETA | M1: CANT. SOLICITADA | N1: CANT. ENTREGADA | O1: VALOR UNITARIO SALINO | P1: VALOR TOTAL SALINO | Q1: VALOR UNITARIO REAL | R1: VALOR TOTAL REAL | S1: ESTADO ITEM
A2: 1 | B2: 31/01/2025 | C2: PEDIMENTO | D2: ING / ANCLA | F2: N/C | G2: 427700002432DW8800REPU | H2: PV16928 | I2: REPUESTOS INGENIERIA
B3: 31/01/2025 | C3: PEDIMENTO | D3: ING / ANCLA | E3: K17137 | F3: N/C | H3: PV16928 | I3: ITEM 4 | J3: 14202548 | K3: SWITCH,PRESSURE | L3: 2 | M3: 1 | N3: 1 | O3: 218273 | P3: =O3*M3 -> 218273 | Q3: 218273 | R3: =Q3*N3 -> 218273 | S3: OK ENTREGADA A C2 ARIAS FLOTA
B4: 31/01/2025 | C4: PEDIMENTO | D4: ING / ANCLA | E4: K17137 | F4: N/C | H4: PV16928 | I4: ITEM 10 | J4: 14293311 | K4: FILTER ELEMENT,INTAKE | L4: 8 | M4: 3 | N4: 3 | O4: 425187.3 | P4: =O4*M4 -> 1275561.9 | Q4: 425187 | R4: 1275562 | S4: OK ENTREGADA A C2 ARIAS FLOTA
B5: 31/01/2025 | C5: PEDIMENTO | D5: ING / ANCLA | E5: K17137 | F5: N/C | H5: PV16928 | I5: ITEM 12 | J5: 15065120 | K5: TRANSMITTER,PRESSURE | L5: 2 | M5: 1 | N5: 1 | O5: 47953 | P5: =O5*M5 -> 47953 | Q5: 47953 | R5: =Q5*N5 -> 47953 | S5: OK ENTREGADA A C2 ARIAS FLOTA
B6: 31/01/2025 | C6: PEDIMENTO | D6: ING / ANCLA | F6: N/C | H6: PV16928 | I6: ITEM 13 | J6: 11471413 | K6: FILTER ELEMENT,FLUID | L6: 2 | M6: 0 | O6: 330608.5 | Q6: 0 | R6: =Q6*N6 -> 0 | S6: RECIBIDOS, ENTREGAR A ING ANCLA, CORRESPONDIENTE A DDTT, recibidos por so silva
B7: 31/01/2025 | C7: PEDIMENTO | D7: ING / ANCLA | E7: K17137 | F7: N/C | H7: PV16928 | I7: ITEM 20 | J7: 14554899 | K7: SPEED SENSOR,DIESEL | L7: 4 | M7: 2 | N7: 2 | O7: 147450 | P7: =O7*M7 -> 294900 | Q7: 147450 | R7: =Q7*N7 -> 294900 | S7: OK ENTREGADA A C2 ARIAS FLOTA
A8: 2 | C8: PEDIMENTO | D8: ING/ANCLA | E8: K17160 | G8: 427700002432DW8800REPU | H8: PV17548 | I8: REPARACION FALLA CONVERTIDOR 1
E9: E16438 | G9: 427700002432DW8800REPU | H9: PV17548 | I9: ITEM 1 | J9: 14865408 | K9: FAN, VENTILATING | L9: 1 | M9: 1 | N9: 1 | O9: 973930 | P9: =O9*M9 -> 973930 | Q9: 973930 | R9: =Q9*N9 -> 973930 | S9: OK ENTREGADA A C2 ARIAS FLOTA
A10: 3 | C10: PEDIMENTO | D10: ING/ANCLA | E10: L16507 | G10: 427700002432DW8800REPU | H10: PV17825 | I10: CAMBIO RTD TEMPERATURA LOCAL JW SSDG 1
I11: ITEM 1 | J11: 10645525 | K11: SENSOR TEMPERATURE JACKET WATER OUT | L11: 2 | M11: 2 | N11: 2 | O11: =P11/M11 -> 892738 | P11: 1785476 | Q11: 750200 | R11: =Q11*N11 -> 1500400 | S11: RETIRAR VALPABAS
A12: 4 | C12: PEDIMENTO | D12: ING/ANCLA | E12: M17242 | F12: 3 | G12: 427700002432DW8800REPU | H12: PV17683 | I12: CAMBIO TERMOCUPLA CILINDROS SSDG N 2
I13: ITEM 1 | J13: 15075234 | K13: RESISTOR,THERMAL | L13: 6 | M13: 6 | N13: 33333 | O13: =P13/M13 -> 536333 | P13: 3217998 | Q13: =R13/M13 -> 536333 | R13: 3217998 | S13: EN SERVICIO BODEGA, DEBE REACTIVARSE EL PEDIMENTO
A14: 5 | C14: PEDIMENTO | D14: ING/ANCLA | E14: M17636 | G14: 427700002432DW8800REPU | H14: PV17683 | I14: CAMBIO TERMOCUPLA CILINDROS SSDG N 1
I15: ITEM 1 | J15: 11264376 | K15: THERMOCOUPLE | L15: 2 | M15: 0 | N15: 193130 | O15: 193130 | Q15: 0 | R15: =Q15*N15 -> 0 | S15: RECIBIDO, PERO ITEM NO CUMPLE CON LA DESCRIPCION
A16: 6 | C16: PEDIMENTO | D16: ING / ANCLA | E16: K16829 | F16: 1ZKXQA | G16: 427700002431DW8800REPU | H16: PV16928 | I16: TALEGONES ELECTRICOS
G17: 427700002431DW8800CONS | H17: PV16929 | I17: ITEM 1 | J17: AR0001344 | K17: TOOL KIT, GENERAL MECHANICS | L17: 4 | M17: 4 | N17: 4 | O17: =P17/M17 -> 328440 | P17: 1313760 | Q17: 328440 | R17: =Q17*N17 -> 1313760 | S17: OK RECIBIDO POR C2 SOTO
A18: 7 | C18: PEDIMENTO | D18: ING/ANCLA | G18: 427700002432DW8800REPU | H18: PV17653 | I18: MANTENIMIENTO, LIMPIEZA E INSPECCION DE ANODOS SSDG
E19: M17535 | I19: ITEM 1 | J19: 7253998 | K19: ANODE CORROSION PREVENTIVE 1.152" X 0.620" | L19: 10 | M19: 10 | N19: 10 | O19: 3750 | P19: =O19*M19 -> 37500 | Q19: 3750 | R19: =Q19*N19 -> 37500 | S19: OK ENTREGADA A C1 IBARRA
E20: K16928 | F20: 3 | I20: ITEM 2 | J20: 3900727 | K20: ANODE CORROSION PREVENTIVE 2" X 0.675" | L20: 10 | M20: 9 | N20: 0 | O20: 77523 | P20: =O20*M20 -> 697707 | Q20: 0 | R20: 0 | S20: SE DEBEN RETIRAR EN VALPABAS
E21: M17535 | I21: ITEM 2 | J21: 3900727 | K21: ANODE CORROSION PREVENTIVE 2" X 0.675" | L21: 10 | M21: 1 | N21: 1 | O21: 80763 | P21: =O21*M21 -> 80763 | Q21: 80763 | R21: =Q21*N21 -> 80763 | S21: OK ENTREGADA A C1 IBARRA
E22: M17535 | I22: ITEM 3 | J22: 11581941 | K22: ANODE CORROSION PREVENTIVE 6" X 0.840" | L22: 10 | M22: 10 | N22: 10 | O22: 65817 | P22: =O22*M22 -> 658170 | Q22: 65817 | R22: =Q22*N22 -> 658170 | S22: OK ENTREGADA A C1 IBARRA
A23: 8 | C23: PEDIMENTO | D23: ING/ANCLA | G23: 427700002432DW8800REPU | I23: ADQUSICION DE LAMPARAS
E24: C17376 | I24: ITEM 1 | J24: 7637744 | K24: LAMP,INCANDESCENT ;BOMBILLA, INCAND | L24: 30 | M24: 30 | N24: 30 | O24: 7854.6 | P24: =O24*M24 -> 235638 | Q24: 7854.6 | R24: =Q24*N24 -> 235638 | S24: OK
E25: C17376 | I25: ITEM 2 | J25: 7648237 | K25: LAMP,INCANDESCENT ;BOMBILLA, INCAND | L25: 20 | M25: 20 | N25: 20 | O25: 11772.43 | P25: =O25*M25 -> 235448.6 | Q25: 11772.45 | R25: =Q25*N25 -> 235449 | S25: OK
A26: 9 | C26: PEDIMENTO | D26: ING/ANCLA | G26: 427700002432DW8800REPU | I26: REPUESTO MANTENIMIENTO PREVENTIVO MOTOR FUERA DE BORDA 50 HP
I27: ITEM 1 | J27: S/N | K27: FITTING FEMALE CONEXXION DE COMBUSTIBLE | L27: 1 | M27: 0 | N27: 0 | O27: 11480 | Q27: 0 | R27: =Q27*N27 -> 0 | S27: OK COMPRADO CON FOFI
I28: ITEM 2 | J28: S/N | K28: FITTING MALE CONEXXION DE COMBUSTIBLE | L28: 1 | M28: 0 | N28: 0 | O28: 18562 | Q28: 0 | R28: =Q28*N28 -> 0 | S28: OK COMPRADO CON FOFI
I29: ITEM 3 | J29: S/N | K29: SERV KIT 100 HRS | L29: 1 | M29: 0 | N29: 0 | O29: 67400 | Q29: 0 | R29: =Q29*N29 -> 0 | S29: OK COMPRADO CON FOFI
E30: M18180 | I30: ITEM 4 | J30: AR0005855 | K30: KIT DE MANTENIMIENTO 300 HORAS 40/50/60 HP BF Y CT | L30: 1 | M30: 1 | N30: 1 | O30: 204891 | P30: =O30 -> 204891 | Q30: 204891 | R30: =Q30*N30 -> 204891 | S30: CONFECCIONAR PEDIMAT 30 VALPABAS
I31: ITEM 6 | J31: S/N | K31: ACEITE MERCURY HIGH PERFORMANCE GEAR LUBE + 946 ML SAE 90 | L31: 1 | M31: 0 | N31: 0 | O31: 20937 | Q31: 0 | R31: =Q31*N31 -> 0 | S31: OK COMPRADO CON FOFI
I32: ITEM 7 | J32: AR0000098 | K32: ACEITE MERCURY SAE 10W30 1 GALON )3,78 LTS) | L32: 1 | M32: 0 | N32: 0 | O32: 25169 | Q32: 0 | R32: =Q32*N32 -> 0 | S32: OK COMPRADO CON FOFI
I33: ITEM 8 | J33: 15857126 | K33: GRASA MERCURY MARINA 2-4-C POMO DE 227 GR | L33: 1 | M33: 0 | N33: 0 | O33: 17731 | Q33: 0 | R33: =Q33*N33 -> 0 | S33: OK COMPRADO CON FOFI
I34: ITEM 9 | J34: S/N | K34: LANYARD, CORDON HOMBRE AL AGUA 54 INCH | L34: 1 | M34: 0 | N34: 0 | O34: 21957 | P34: =O34*M34 -> 0 | Q34: 0 | R34: =Q34*N34 -> 0 | S34: OK COMPRADO CON FOFI
A35: 10 | C35: PEDIMENTO | D35: ING/ANCLA | I35: REPUESTOS GENERAL INGENIERIA 1
E36: C19365 | G36: 427700002432DW8800REPU | H36: PV18798 | I36: ITEM 1 | J36: 14889442 | K36: SEAL ASSEMBLY,SHAFT, | L36: 1 | M36: =L36 -> 1 | N36: =M36 -> 1 | O36: 1598979 | P36: =O36*M36 -> 1598979 | Q36: =O36 -> 1598979 | R36: =Q36*N36 -> 1598979
E37: C19365 | G37: 427700002432DW8800REPU | H37: PV18798 | I37: ITEM 3 | J37: 9312473 | K37: FILTER ELEMENT,FLUID | L37: 18 | M37: 8 | N37: 8 | O37: 62522 | P37: =O37*M37 -> 500176 | Q37: =O37 -> 62522 | R37: =Q37*N37 -> 500176 | S37: ENTREGADO S1 MOLINA
E38: C19365 | G38: 427700002432DW8800REPU | H38: PV18798 | I38: ITEM 4 | J38: 9733909 | K38: FILTER ELEMENT,FLUID | L38: 1 | M38: =L38 -> 1 | N38: =M38 -> 1 | O38: 90940 | P38: =O38*M38 -> 90940 | Q38: =O38 -> 90940 | R38: =Q38*N38 -> 90940 | S38: ENTREGADO S1 MOLINA
E39: C19365 | G39: 427700002432DW8800REPU | H39: PV18798 | I39: ITEM 7 | J39: 200064 | K39: O-RING | L39: 2 | M39: =L39 -> 2 | N39: =M39 -> 2 | O39: 3048 | P39: =O39*M39 -> 6096 | Q39: =O39 -> 3048 | R39: =Q39*N39 -> 6096 | S39: ENTREGADO S1 MOLINA
E40: C19365 | G40: 427700002432DW8800REPU | H40: PV18798 | I40: ITEM 11 | J40: 11190540 | K40: VALVE,VACUUM | L40: 1 | M40: =L40 -> 1 | N40: =M40 -> 1 | O40: 160912 | P40: =O40*M40 -> 160912 | Q40: =O40 -> 160912 | R40: =Q40*N40 -> 160912
E41: C19365 | G41: 427700002432DW8800REPU | H41: PV18798 | I41: ITEM 12 | J41: 13280013 | K41: FILTER ELEMENT,FLUID | L41: 1 | M41: =L41 -> 1 | N41: =M41 -> 1 | O41: 221250 | P41: =O41*M41 -> 221250 | Q41: =O41 -> 221250 | R41: =Q41*N41 -> 221250 | S41: ENTREGADO S1 MOLINA
E42: C19365 | G42: 427700002432DW8800REPU | H42: PV18798 | I42: ITEM 13 | J42: 15256484 | K42: FILTER,PARTICULATE | L42: 1 | M42: =L42 -> 1 | N42: =M42 -> 1 | O42: 19045 | P42: =O42*M42 -> 19045 | Q42: =O42 -> 19045 | R42: =Q42*N42 -> 19045
E43: C19365 | G43: 427700002432DW8800REPU | H43: PV18798 | I43: ITEM 14 | J43: 14413360 | K43: AMPLIFIER,AUDIO | L43: 1 | M43: =L43 -> 1 | N43: =M43 -> 1 | O43: 679924 | P43: =O43*M43 -> 679924 | Q43: =O43 -> 679924 | R43: =Q43*N43 -> 679924
E44: C19365 | G44: 427700002432DW8800REPU | H44: PV18798 | I44: ITEM 15 | J44: 12570998 | K44: VALVE,SAFETY RELIEF | L44: 1 | M44: =L44 -> 1 | N44: =M44 -> 1 | O44: 427896 | P44: =O44*M44 -> 427896 | Q44: =O44 -> 427896 | R44: =Q44*N44 -> 427896
E45: C19365 | G45: 427700002432DW8800REPU | H45: PV18798 | I45: ITEM 18 | J45: 992300408 | K45: GASKET | L45: 2 | M45: =L45 -> 2 | N45: =M45 -> 2 | O45: 82079 | P45: =O45*M45 -> 164158 | Q45: =O45 -> 82079 | R45: =Q45*N45 -> 164158 | S45: ENTREGADO S1 MOLINA
E46: C19365 | G46: 427700002432DW8800REPU | H46: PV18798 | I46: ITEM 19 | J46: 12352707 | K46: SEAL,PLAIN ENCASED | L46: 1 | M46: =L46 -> 1 | N46: =M46 -> 1 | O46: 22305 | P46: =O46*M46 -> 22305 | Q46: =O46 -> 22305 | R46: =Q46*N46 -> 22305 | S46: ENTREGADO S1 MOLINA
A47: 11 | C47: PEDIMENTO | D47: ING/ANCLA | I47: REPUESTOS GENERAL INGENIERIA 2
E48: G17475 | G48: 427700002432DW8800REPU | H48: PV18798 | I48: ITEM 5 | J48: 14693125 | K48: FILTER, FLUID | L48: 21 | M48: =L48 -> 21 | N48: 21 | O48: 17280 | P48: =O48*M48 -> 362880 | Q48: =O48 -> 17280 | R48: =Q48*N48 -> 362880 | S48: OK
A49: 12 | C49: PEDIMENTO FLOTA | I49: REPUESTOS GENERAL INGENIERIA 3
E50: G17479 | G50: 427700002432DW8800REPU | H50: PV18798 | I50: ITEM 5 | J50: 11087205 | K50: CART ASSEMBLY | L50: 1 | M50: =L50 -> 1 | N50: 1 | O50: 163484 | P50: =O50*M50 -> 163484 | Q50: =O50 -> 163484 | R50: =Q50*N50 -> 163484
O51: TOTAL | P51: =SUM(P3:P50) -> 15696014 | Q51: TOTAL | R51: =SUM(R3:R50) -> 14713232
A53: Nº | B53: FECHA RECEPCION SOLICITUD | C53: TIPO DE SOLICITUD | D53: DEPTO. Y DIV. | E53: NRO SOLCOM / PEDIMATS | F53: ORCOM / RECOM SALINO | G53: CUENTA DE GASTO | H53: NRO OT | I53: NRO ITEMS | J53: Nº STOCK | K53: DESCRIPCION ITEMS | L53: CANT. PAPELETA | M53: CANT. SOLICITADA | N53: CANT. ENTREGADA | O53: VALOR UNITARIO SALINO | P53: VALOR TOTAL SALINO | Q53: VALOR UNITARIO REAL | R53: VALOR TOTAL REAL | S53: ESTADO ITEM
A54: 1 | F54: N/C | I54: ITEM 10 | J54: 10283396 | K54: FILTRO | L54: 1 | M54: 0 | N54: 0 | O54: 261000 | P54: =O54*M54 -> 0 | Q54: 0 | R54: =Q54*N54 -> 0 | S54: COSMAL ENTREGADO A S1 MOLINA
F55: N/C | I55: ITEM 12 | J55: 11849195 | K55: FILTRO PROCESO | L55: 1 | M55: 0 | N55: 0 | O55: 52000 | P55: =O55*M55 -> 0 | Q55: 0 | R55: =Q55*N55 -> 0 | S55: COSMAL ENTREGADO A S1 MOLINA
F56: N/C | I56: ITEM 15 | J56: 3557750 | K56: FILTER ELEMENT | L56: 4 | M56: 0 | N56: 0 | O56: 7392 | P56: =O56*M56 -> 0 | Q56: 0 | R56: =Q56*N56 -> 0 | S56: COSMAL ENTREGADO A S1 MOLINA
A57: 2 | B57: 17/06/2025 | C57: PEDIMENTO FLOTA | D57: ING / MENA | E57: G16450 | F57: N/C | G57: 427700002432DW8800REPU | H57: PV18118 | I57: FALLA REGULADOR DE PRESION FRENO EJE
I58: ITEM 1 | J58: 10608851 | K58: REGULADOR DE PRESION | L58: 1 | M58: 1 | N58: 1 | O58: 31192 | P58: =O58*M58 -> 31192 | Q58: 31192 | R58: =Q58*N58 -> 31192 | S58: OK ENTREGADO A SARGENTO CARVAJAL
A59: 3 | B59: 17/06/2025 | C59: PEDIMENTO FLOTA | D59: ING / MENA | E59: B88117 | F59: N/C | G59: 427700002432DW8800REPU | H59: PV18119 | I59: FALLA VALVULA SOLENOIDE FRENO TURBINA 1A
I60: ITEM 1 | J60: 11423960 | K60: VALVULA SOLENOIDE | L60: 1 | M60: 1 | N60: 1 | O60: 194914 | P60: =O60*M60 -> 194914 | Q60: 194914 | R60: =Q60*N60 -> 194914 | S60: OK ENTREGADO A SARGENTO CARVAJAL
O61: TOTAL | P61: =SUM(P54:P60) -> 226106 | Q61: TOTAL | R61: =SUM(R54:R60) -> 226106
A63: Nº | B63: FECHA RECEPCION SOLICITUD | C63: TIPO DE SOLICITUD | D63: DEPTO. Y DIV. | E63: NRO SOLCOM / PEDIMATS | F63: ORCOM SALINO | G63: CUENTA DE GASTO | H63: NRO OT | I63: NRO ITEMS | J63: Nº STOCK | K63: DESCRIPCION ITEMS | L63: CANT. PAPELETA | M63: CANT. SOLICITADA | N63: CANT. ENTREGADA | O63: VALOR UNITARIO SALINO | P63: VALOR TOTAL SALINO | Q63: VALOR UNITARIO REAL | R63: VALOR TOTAL REAL | S63: ESTADO ITEM
A64: 1 | B64: 23/01/2025 | C64: PEDIMENTO | D64: ING / REMO | E64: L16733 | G64: 427700002432DW8800REPU | H64: PV16796 | I64: PRESOSTATO DE ALTA PRESION
I65: ITEM 1 | J65: 4985922 | K65: SWITCH,PRESSURE | L65: 1 | M65: 1 | N65: 1 | O65: 777097 | P65: =O65*M65 -> 777097 | Q65: =P65*N65 -> 777097 | R65: =Q65*N65 -> 777097 | S65: OK ENTREGADO A C2 VALENCIA.
A66: 2 | B66: 31/01/2025 | C66: PEDIMENTO | D66: ING / REMO | G66: 427700002432DW8800REPU | H66: PV16796 | I66: REPUESTOS ING 3
E67: J17221 | I67: ITEM 1 | J67: 11893348 | K67: FILTER,FLUID | L67: 1 | M67: 1 | N67: 0 | O67: 598278 | P67: =O67*M67 -> 598278 | Q67: 0 | R67: =Q67*N67 -> 0 | S67: PEDIMAT CREADO, REBAJAR Y ENTREGAR
E68: F15498 | F68: USXTGM | I68: ITEM 2 | J68: 12402009 | K68: FILTER ELEMENT,FLUID | L68: 2 | M68: 2 | N68: 0 | O68: =P68/M68 -> 91912 | P68: 183824 | Q68: 0 | R68: =Q68*N68 -> 0 | S68: OK
E69: F15498 | F69: 1ZHOQA | I69: ITEM 3 | J69: X269236 | K69: BRAZING ALLOY,SILVER | L69: 2 | M69: 2 | N69: 2 | O69: 11900 | P69: =O69*M69 -> 23800 | Q69: =10000*1.19 -> 11900 | R69: =Q69*N69 -> 23800 | S69: OK
E70: F15498 | F70: 1ZFSQA | I70: ITEM 6 | J70: AR0018976 | K70: BOMBONA FREON | L70: 5 | M70: 5 | N70: 0 | O70: 152320 | P70: =O70*M70 -> 761600 | Q70: =128000*1.19 -> 152320 | R70: 761600 | S70: OK
A71: 3 | C71: PEDIMENTO | D71: ING / REMO | G71: 427700002432DW8800REPU | H71: PV16796 | I71: ADQUISICION DE VALVULAS
E72: E16513 | I72: ITEM 1 | J72: 14081609 | K72: VALVE ASSEMBLY | L72: 4 | M72: 4 | O72: 317874.2 | Q72: 0 | R72: =Q72*N72 -> 0 | S72: ELIMINADO
A73: 4 | C73: PEDIMENTO | D73: ING / REMO | G73: 427700002432DW8800REPU | H73: PV16796 | I73: ADQUISICION DE FILTROS
E74: H16872 | I74: ITEM 1 | J74: 13509101 | K74: FILTRO PURIFICADOR | L74: 2 | M74: 1 | N74: 1 | O74: 23432 | P74: =O74*M74 -> 23432 | Q74: 0 | R74: =Q74*N74 -> 0 | S74: OTRO ENTREGADO POR 0
A75: 5 | C75: PEDIMENTO | D75: ING / REMO | G75: 427700002432DW8800REPU | H75: PV16796 | I75: ADQUISICION DE VALVULA CONTROL | S75: 0
I76: ITEM 1 | J76: 999739469 | K76: VALVULA CONTROL | L76: 2 | M76: 0 | N76: 0 | O76: 2634265 | P76: =O76*M76 -> 0 | Q76: 0 | R76: =Q76*N76 -> 0 | S76: CONFECCIONADO, PEDIMENTO G17475, UBICADO EN ING ANCLA
M77: MP ITEM 6 | N77: =Q70*M70-450000 -> 311600 | O77: TOTAL | P77: =SUM(P65:P76) -> 2368031 | Q77: TOTAL | R77: =SUM(R65:R70) -> 1562497
A79: Nº | B79: FECHA RECEPCION SOLICITUD | C79: TIPO DE SOLICITUD | D79: DEPTO. Y DIV. | E79: NRO SOLCOM / PEDIMATS | F79: ORCOM SALINO | G79: CUENTA DE GASTO | H79: NRO OT | I79: NRO ITEMS | J79: Nº STOCK | K79: DESCRIPCION ITEMS | L79: CANT. PAPELETA | M79: CANT. SOLICITADA | N79: CANT. ENTREGADA | O79: VALOR UNITARIO SALINO | P79: VALOR TOTAL SALINO | Q79: VALOR UNITARIO REAL | R79: VALOR TOTAL REAL | S79: ESTADO ITEM
A80: 1 | B80: 31/01/2025 | C80: PEDIMENTO | D80: SSAA / TANGO | E80: J15108 | F80: USYTGM | G80: 427700002432DW8800REPU | H80: PV9249 | I80: REPUESTOS SSAA 1
I81: ITEM 1 | J81: 14784657 | K81: BATTERY | L81: 3 | M81: 3 | N81: 3 | O81: 80875 | P81: =O81*L81 -> 242625 | Q81: 80875 | R81: =Q81*N81 -> 242625 | S81: PRESUPUESTO PASARA PARA PROXIMO PERIODO
O82: TOTAL | P82: =SUM(P81:P81) -> 242625 | Q82: TOTAL | R82: =SUM(R81:R81) -> 242625
A84: Nº | B84: FECHA RECEPCION SOLICITUD | C84: TIPO DE SOLICITUD | D84: DEPTO. Y DIV. | E84: NRO SOLCOM / PEDIMATS | F84: ORCOM SALINO | G84: CUENTA DE GASTO | H84: NRO OT | I84: NRO ITEMS | J84: Nº STOCK | K84: DESCRIPCION ITEMS | L84: CANT. PAPELETA | M84: CANT. SOLICITADA | N84: CANT. ENTREGADA | O84: VALOR UNITARIO SALINO | P84: VALOR TOTAL SALINO | Q84: VALOR UNITARIO REAL | R84: VALOR TOTAL REAL | S84: ESTADO ITEM
A85: 1 | B85: 31/01/2025 | C85: PEDIMENTO | D85: SSAA / PRIMERA | G85: 427700002432DW8800REPU | I85: RECUPERAR MAXIMA CAPACIDAD DE DETECCION DE RADARES DE CONTROL DE FUEGO
I86: ITEM 1 | J86: 15312404 | K86: TRAVELING WAVE TUBE | L86: 4 | M86: 0 | N86: 0 | O86: 393430 | P86: =O86*M86 -> 0 | Q86: 0 | R86: =Q86*N86 -> 0 | S86: EN ESPERA DE ALGUNA DISPONIBILIDAD PRESUPUESTARIA
O87: TOTAL | P87: =SUM(P86) -> 0 | Q87: TOTAL | R87: =SUM(R86) -> 0
A89: Nº | B89: FECHA RECEPCION SOLICITUD | C89: TIPO DE SOLICITUD | D89: DEPTO. Y DIV. | E89: NRO SOLCOM / PEDIMATS | F89: ORCOM SALINO | G89: CUENTA DE GASTO | H89: NRO OT | I89: NRO ITEMS | J89: Nº STOCK | K89: DESCRIPCION ITEMS | L89: CANT. PAPELETA | M89: CANT. SOLICITADA | N89: CANT. ENTREGADA | O89: VALOR UNITARIO SALINO | P89: VALOR TOTAL SALINO | Q89: VALOR UNITARIO REAL | R89: VALOR TOTAL REAL | S89: ESTADO ITEM
A90: 1 | B90: 31/01/2025 | C90: PEDIMENTO | D90: SSAA / SEGUNDA | E90: M17792 | G90: 427700002432DW8800REPU | H90: PV16689 | I90: CONDITION ASSESSMENT OF MK 13 MOD 4 GMLS
I91: ITEM 4 | J91: 5421398 | K91: ORING DE NITRILO ENTRE 70-80 SHORE | L91: 2 | M91: 2 | N91: 2 | O91: 14760 | P91: =O91*M91 -> 29520 | Q91: =R91/N91 -> 14760 | R91: 29520 | S91: OK
I92: ITEM 8 | J92: 7356805 | K92: SELLO DE BLAST DOOR INFERIOR PLANO 2124129 | L92: 1 | M92: 1 | N92: 1 | O92: 42441 | P92: 42441 | Q92: 0 | R92: 42441 | S92: OK
I93: ITEM 9 | J93: 7356805 | K93: GOMA EXTRUIDA DE NEOPRENE ENTRE 45-55 SHORE (DUREZA) | L93: 1 | M93: 1 | N93: 1 | O93: 42441 | P93: 42441 | Q93: 0 | R93: 42441 | S93: OK
O94: TOTAL | P94: =SUM(P91:P93) -> 114402 | Q94: TOTAL | R94: =SUM(R91:R93) -> 114402

Sheet CONS 2025
A1: Nº | B1: FECHA RECEPCION SOLICITUD | C1: TIPO DE SOLICITUD | D1: DEPTO. Y DIV. | E1: NRO SOLCOM / PEDIMATS | F1: ORCOM SALINO | G1: CUENTA DE GASTO | H1: NRO OT | I1: NRO ITEMS | J1: Nº STOCK | K1: DESCRIPCION ITEMS | L1: CANT. PAPELETA | M1: CANT. SOLICITADA | N1: CANT. ENTREGADA | O1: VALOR UNITARIO SALINO | P1: VALOR TOTAL SALINO | Q1: VALOR UNITARIO REAL | R1: VALOR TOTAL REAL | S1: ESTADO ITEM
A2: 1 | C2: PEDIMENTO | D2: ING / ANCLA | E2: M17241 | G2: 427700002432DW8800CONS | H2: PV17683 | I2: BATERIAS RECARGABLES DE LAMPARAS EMERGENCIA
G3: 427700002432DW8800CONS | H3: PV17683 | I3: ITEM 1 | J3: 14634470 | K3: BATERY STORAGE | L3: 100 | M3: 12 | N3: 12 | O3: 14131.9 | P3: =M3*O3 -> 169582.8 | Q3: 0 | R3: =N3*Q3 -> 0 | S3: OK 12 RETIRADAS, PARA RETIRAR FALTANTES, SE DEBE CREAR NUEVO PEDIMAT
A4: 3 | B4: 23/01/2025 | C4: SOLCOM | D4: ING / ANCLA | E4: 162250 | F4: BQABCC | G4: 427700002432DW8800CONS | H4: PV16920 | I4: MUESTRAS DE ACEITE
I5: ITEM 1 | J5: N/C | K5: MUESTRAS DE ACEITE | L5: 22 | M5: 22 | N5: 22 | O5: 29155 | P5: =M5*O5 -> 641410 | Q5: 29155 | R5: =N5*Q5 -> 641410 | S5: OK
A6: 6 | B6: 31/01/2025 | C6: PEDIMENTO | D6: ING / ANCLA | E6: L16578 | G6: 427700002432DW8800CONS | H6: PV16928 | I6: FUSIBLES DE CONTROL
I7: ITEM 6 | J7: X249870 | K7: REAGENT A (MUESTRAS DE ACEITE) | L7: 1 | M7: 1 | N7: 1 | O7: 170000 | P7: =M7*O7 -> 170000 | Q7: 170000 | R7: =N7*Q7 -> 170000 | S7: RETIRADO, CON OBSERVACIONES
A8: 7 | B8: 31/01/2025 | C8: PEDIMENTO | D8: ING / ANCLA | E8: G16207 | G8: 427700002432DW8800CONS | H8: PV16928 | I8: TABLEROS ELECTRICOS
I9: ITEM 1 | J9: 2668691 | K9: GUANTES ELECTRICISTA | L9: 4 | M9: 4 | N9: 4 | O9: 43900 | P9: =M9*O9 -> 175600 | Q9: 43900 | R9: =N9*Q9 -> 175600 | S9: OK ENTREGADO A C2 SOTO
I10: ITEM 2 | J10: X207182 | K10: MATERIALES DE FABRICACION DE PLASTICO | L10: 50 | M10: 50 | N10: 50 | O10: 3200 | P10: =M10*O10 -> 160000 | Q10: 3200 | R10: =N10*Q10 -> 160000 | S10: OK ENTREGADO A C2 SOTO
A11: 9 | B11: 31/01/2025 | C11: PEDIMENTO | D11: ING / ANCLA | E11: C18213 | F11: 9 | G11: 427700002432DW8800CONS | H11: PV16928 | I11: ADQUISICION DE INHIBIDOR DE CORROSION
I12: ITEM 1 | J12: AR0019917 | K12: LIQUID CONTROL GUARD DE 20KG | L12: 8 | M12: 8 | N12: 8 | O12: 83300 | P12: =M12*O12 -> 666400 | Q12: 0 | R12: =N12*Q12 -> 0 | S12: OK ENTREGADO A SO SILVA
A13: 10 | B13: 31/01/2025 | C13: PEDIMENTO | D13: ING / ANCLA | E13: 163131 | F13: BQVSCC | G13: 427700002432DW8800CONS | H13: PV14468 | I13: MUESTRAS DE ACEITE AREA INGENIERIA
I14: ITEM 1 | J14: N/C | K14: MUESTRAS DE ACEITE | L14: 28 | M14: 28 | N14: 28 | O14: 29155 | P14: =O14*M14 -> 816340 | Q14: 29155 | R14: =N14*Q14 -> 816340 | S14: MUESTRAS DE ACEITE GRATUITAS AÑO 2025
A15: 11 | B15: 31/01/2025 | C15: PEDIMENTO | D15: ING / ANCLA | E15: 163240 | F15: BQPADC | G15: 427700002432DW8800CONS | H15: PV14468 | I15: COMPRA MUESTRA DE ACEITE AREA INGENIERIA
I16: ITEM 1 | J16: N/C | K16: MUESTRAS DE ACEITE | L16: 2 | M16: 2 | N16: 2 | O16: 29155 | P16: =M16*O16 -> 58310 | Q16: 29155 | R16: =N16*Q16 -> 58310 | S16: OK
A17: 12 | B17: 31/01/2025 | C17: PEDIMENTO | D17: ING / ANCLA | E17: J16342 | G17: 427700002432DW8800CONS | H17: PV16928 | I17: ADQUISICION DE LIQUIDO REFRIGERANTE
I18: ITEM 1 | J18: AR0019917 | K18: INHIBITOR,CORROSION,WATER SOLUBLE ; | L18: 8 | M18: 8 | N18: 8 | O18: 83300 | P18: =M18*O18 -> 666400 | Q18: 0 | R18: =N18*Q18 -> 0 | S18: OK ENTREGADO A SO SILVA
A19: 14 | B19: 31/01/2025 | C19: PEDIMENTO | D19: ING / ANCLA | E19: K18159 | G19: 427700002432DW8800CONS | I19: ADQUISICION DE CONSUMO GENERAL INGENIERIA 2
I20: ITEM 1 | J20: 8922264 | K20: DETECTOR KIT, WATER | L20: 100 | M20: =L20 -> 100 | N20: =L20 -> 100 | O20: 6464.95 | P20: =M20*O20 -> 646495 | Q20: =O20 -> 6464.95 | R20: =N20*Q20 -> 646495
I21: ITEM 2 | J21: 6869514 | K21: FUSE,CARTRIDGE | L21: 10 | M21: =L21 -> 10 | N21: =L21 -> 10 | O21: 8191 | P21: =M21*O21 -> 81910 | Q21: =O21 -> 8191 | R21: =N21*Q21 -> 81910
O22: TOTAL | P22: =SUM(P3:P21) -> 4252447.8 | Q22: TOTAL | R22: =SUM(R4:R21) -> 2750065
A24: Nº | B24: FECHA RECEPCION SOLICITUD | C24: TIPO DE SOLICITUD | D24: DEPTO. Y DIV. | E24: NRO SOLCOM / PEDIMATS | F24: ORCOM SALINO | G24: CUENTA DE GASTO | H24: NRO OT | I24: NRO ITEMS | J24: Nº STOCK | K24: DESCRIPCION ITEMS | L24: CANT. PAPELETA | M24: CANT. SOLICITADA | N24: CANT. ENTREGADA | O24: VALOR UNITARIO SALINO | P24: VALOR TOTAL SALINO | Q24: VALOR UNITARIO REAL | R24: VALOR TOTAL REAL | S24: ESTADO ITEM
A25: 1 | B25: 31/01/2025 | C25: PEDIMENTO | D25: ING / MENA | E25: G14834 | F25: 1ZWRQA | G25: 427700002432DW8800CONS | H25: SIN OT | I25: CONSUMOS ING 6
I26: ITEM 1 | J26: 998821485 | K26: SORBENT,OIL | L26: 3 | M26: 1 | N26: 0 | O26: 67830 | P26: 67930 | Q26: 67830 | R26: 67830 | S26: ENTREGADO POR UN NR A S2 LARA
A27: 2 | B27: 23/01/2025 | C27: SOLCOM 01/2025 | D27: ING / MENA | E27: 166133 | G27: 427700002432DW8800CONS | H27: PV14468 | I27: MUESTRAS DE COMBUSTIBLE
I28: ITEM 1 | J28: N/C | K28: MUESTRA DE PETROLEO | L28: 11 | M28: 11 | N28: 11 | O28: 30044 | P28: =M28*O28 -> 330484 | Q28: 30044 | R28: =N28*Q28 -> 330484 | S28: OK
I29: ITEM 2 | J29: N/C | K29: MUESTRA JA-1 | L29: 1 | M29: 1 | N29: 1 | O29: 48938 | P29: =M29*O29 -> 48938 | Q29: 48938 | R29: =N29*Q29 -> 48938 | S29: OK
A30: 3 | B30: 31/01/2025 | C30: PEDIMENTO | D30: ING / MENA | G30: 427700002432DW8800CONS | H30: SIN OT | I30: CONSUMO JUNTA ECONOMICA PROPULSION
E31: M15945 | F31: 1ZKMQA | I31: ITEM 1 | J31: S012369 | K31: ISOPROPYL ALCOHOL | L31: 1 | M31: 1 | N31: 1 | O31: 4581 | P31: =M31*O31 -> 4581 | Q31: 4581 | R31: =N31*Q31 -> 4581 | S31: OK ENTREGADO A S2 LARA
E32: M15945 | F32: USBVGM | I32: ITEM 2 | J32: 2704697 | K32: LAMP,INCANDESCENT | L32: 50 | M32: 0 | N32: 0 | O32: 13623.98 | P32: =M32*O32 -> 0 | Q32: 0 | R32: =N32*Q32 -> 0 | S32: ENTREGADO POR 0, CERRADO EL PROCESO
E33: M15945 | I33: ITEM 4 | J33: 11029455 | K33: BRAKE FLUID, | L33: 3 | M33: 3 | N33: 3 | O33: 133818 | P33: =M33*O33 -> 401454 | Q33: 133818 | R33: =N33*Q33 -> 401454 | S33: COMPLETO
E34: M15945 | F34: USXTGM | I34: ITEM 5 | J34: 10650395 | K34: FUSE,CARTRIDGE | L34: 100 | M34: 0 | N34: 0 | O34: 18083.98 | P34: =M34*O34 -> 0 | Q34: 0 | R34: =N34*Q34 -> 0 | S34: ENTREGADO POR 0, CERRADO EL PROCESO
E35: M15945 | F35: 1ZHMQA | I35: ITEM 6 | J35: 14062060 | K35: INHIBITOR,CORROSION, | L35: 4 | M35: 4 | N35: 4 | O35: 49980 | P35: =M35*O35 -> 199920 | Q35: 49980 | R35: =N35*Q35 -> 199920 | S35: OK ENTREGADO A S2 LARA
E36: M15945 | F36: 1ZGMQA | I36: ITEM 9 | J36: 660935658 | K36: BRAKE FLUID, | L36: 4 | M36: 4 | N36: 4 | O36: 8328.75 | P36: =M36*O36 -> 33315 | Q36: 8329 | R36: =N36*Q36 -> 33316 | S36: OK ENTREGADO A S2 LARA
E37: M16153 | F37: 1ZKMQA | I37: ITEM 1 | J37: S012369 | K37: ISOPROPYL ALCOHOL | L37: 1 | M37: 1 | N37: 1 | O37: 4581 | P37: =M37*O37 -> 4581 | Q37: 0 | R37: =N37*Q37 -> 0 | S37: OK ENTREGADO A S2 LARA
E38: M16153 | F38: USBVGM | I38: ITEM 2 | J38: 2704697 | K38: LAMP,INCANDESCENT | L38: 50 | M38: 0 | N38: 0 | O38: 13623.98 | P38: =M38*O38 -> 0 | Q38: 0 | R38: =N38*Q38 -> 0 | S38: ENTREGADO POR 0, CERRADO EL PROCESO
E39: M16153 | I39: ITEM 4 | J39: 11029455 | K39: BRAKE FLUID, | L39: 3 | M39: 3 | N39: 3 | O39: 133818 | P39: =M39*O39 -> 401454 | Q39: 133818 | R39: =N39*Q39 -> 401454 | S39: COMPLETO
E40: M16153 | F40: USXTGM | I40: ITEM 5 | J40: 10650395 | K40: FUSE,CARTRIDGE | L40: 100 | M40: 0 | N40: 0 | O40: 18083.98 | P40: =M40*O40 -> 0 | Q40: 0 | R40: =N40*Q40 -> 0 | S40: ENTREGADO POR 0, CERRADO EL PROCESO
E41: M16153 | F41: 1ZHMQA | I41: ITEM 6 | J41: 14062060 | K41: INHIBITOR,CORROSION, | L41: 4 | M41: 1 | N41: 1 | O41: 49980 | P41: =M41*O41 -> 49980 | Q41: 49980 | R41: =N41*Q41 -> 49980 | S41: OK ENTREGADO A S2 LARA
E42: M16153 | F42: USBVGM | I42: ITEM 7 | J42: 7637744 | K42: LAMP,INCANDESCENT | L42: 500 | M42: 9 | N42: 9 | O42: 54495.913 | P42: =M42*O42 -> 490463.22 | Q42: 54495.912 | R42: =N42*Q42 -> 490463.21 | S42: COMPLETO
E43: M16153 | F43: 1ZGMQA | I43: ITEM 9 | J43: 660935658 | K43: BRAKE FLUID, | L43: 4 | M43: 4 | N43: 4 | O43: 8328.75 | P43: =M43*O43 -> 33315 | Q43: 8329 | R43: =N43*Q43 -> 33316 | S43: ENTREGADO A S2 LARA
A44: 4 | B44: 31/01/2025 | C44: PEDIMENTO | D44: ING / MENA | G44: 427700002432DW8800CONS | H44: PV16753 | I44: CONSUMO JUNTA ECONOMICA PROPULSION
E45: B87886 | F45: 1ZIXQA | I45: ITEM 2 | J45: 998821485 | K45: SORBENT OIL | L45: 9 | M45: 9 | N45: 9 | O45: 57200 | P45: =M45*O45 -> 514800 | Q45: 57200 | R45: =N45*Q45 -> 514800 | S45: OK RECIBIDO POR S1 MOLINA
O46: TOTAL | P46: =SUM(P26:P45)-P28-P29 -> 2201793.2 | Q46: TOTAL | R46: =SUM(R26:R45) -> 2576536.2
A48: Nº | B48: FECHA RECEPCION SOLICITUD | C48: TIPO DE SOLICITUD | D48: DEPTO. Y DIV. | E48: NRO SOLCOM / PEDIMATS | F48: ORCOM SALINO | G48: CUENTA DE GASTO | H48: NRO OT | I48: NRO ITEMS | J48: Nº STOCK | K48: DESCRIPCION ITEMS | L48: CANT. PAPELETA | M48: CANT. SOLICITADA | N48: CANT. ENTREGADA | O48: VALOR UNITARIO SALINO | P48: VALOR TOTAL SALINO | Q48: VALOR UNITARIO REAL | R48: VALOR TOTAL REAL | S48: ESTADO ITEM
A49: 3 | B49: 31/01/2025 | C49: PEDIMENTO | D49: ING / REMO | E49: C16822 | G49: 427700002432DW8800CONS | H49: PV16796 | I49: CONSUMOS ING 7
F50: USXTGM | I50: ITEM 3 | J50: 12402009 | K50: FILTER ELEMENT,FLUID | L50: 8 | M50: 4 | N50: 4 | O50: 10000 | P50: =M50*O50 -> 40000 | Q50: 10000 | R50: =N50*Q50 -> 40000 | S50: OK
A51: 5 | B51: 23/01/2025 | C51: PEDIMENTO | D51: ING / REMO | I51: EQUIPO DE OXICORTE
I52: ITEM 1 | J52: S9200-606943 | K52: EQUIPO DE OXICORTE | L52: 1 | M52: 0 | N52: 0 | O52: 199000 | P52: =M52*O52 -> 0 | Q52: 0 | R52: =N52*Q52 -> 0 | S52: NO COMPRADO
A53: 6 | B53: 23/01/2025 | C53: PEDIMENTO | D53: ING / REMO | I53: CALIBRACION Y CERTIFICACION DE SENSORES DE GAS
I54: ITEM 1 | J54: N/C | K54: CALIBRACION Y CERTIFICACION DE SENSORES H2S | L54: 6 | M54: 0 | N54: 0 | O54: 0 | P54: =M54*O54 -> 0 | Q54: 0 | R54: =N54*Q54 -> 0 | S54: NO COMPRADO
I55: ITEM 2 | J55: N/C | K55: CALIBRACION Y CERTIFICACION DE SENSORES R134A | L55: 8 | M55: 0 | N55: 0 | O55: 0 | P55: =M55*O55 -> 0 | Q55: 0 | R55: =N55*Q55 -> 0 | S55: NO COMPRADO
A56: 7 | B56: 23/01/2025 | C56: PEDIMENTO | D56: ING / REMO | E56: 163151 | F56: BQWCDC | G56: 427700002432DW8800CONS | H56: PV16796 | I56: MANTENCION DE EXTINTORES
I57: ITEM 1 | J57: N/C | K57: MANTENCION EXTINTOR CO2- BC 5 KILOS | L57: 53 | M57: 53 | N57: 53 | O57: =2350*1.19 -> 2796.5 | P57: =L57*O57 -> 148214.5 | Q57: =2350*1.19 -> 2796.5 | R57: =N57*Q57 -> 148214.5 | S57: OK
I58: ITEM 2 | J58: N/C | K58: MANTENCION EXTINTOR CO2- BC 3.5 KILOS | L58: 2 | M58: 2 | N58: 2 | O58: =2350*1.19 -> 2796.5 | P58: =L58*O58 -> 5593 | Q58: =2350*1.19 -> 2796.5 | R58: =N58*Q58 -> 5593 | S58: OK
I59: ITEM 3 | J59: N/C | K59: MANTENCION EXTINTOR PQS-ABC 2.5 KILOS | L59: 5 | M59: 5 | N59: 5 | O59: =2350*1.19 -> 2796.5 | P59: =L59*O59 -> 13982.5 | Q59: =2350*1.19 -> 2796.5 | R59: =N59*Q59 -> 13982.5 | S59: OK
I60: ITEM 4 | J60: N/C | K60: MANTENCION EXTINTOR PQS-ABC 10 KILOS | L60: 29 | M60: 29 | N60: 29 | O60: =2350*1.19 -> 2796.5 | P60: =L60*O60 -> 81098.5 | Q60: =2350*1.19 -> 2796.5 | R60: =N60*Q60 -> 81098.5 | S60: OK
I61: ITEM 5 | J61: N/C | K61: MANTENCION EXTINTOR CLASE K 6 LITROS | L61: 3 | M61: 3 | N61: 3 | O61: =2350*1.19 -> 2796.5 | P61: =L61*O61 -> 8389.5 | Q61: =2350*1.19 -> 2796.5 | R61: =N61*Q61 -> 8389.5 | S61: OK
I62: ITEM 6 | J62: N/C | K62: RECARGA EXTINTOR ESPUMA AB 10 LITROS | L62: 49 | M62: 49 | N62: 49 | O62: =7500*1.19 -> 8925 | P62: =L62*O62 -> 437325 | Q62: =7500*1.19 -> 8925 | R62: =N62*Q62 -> 437325 | S62: OK
O63: TOTAL | P63: =SUM(P49:P62) -> 734603 | Q63: TOTAL | R63: =SUM(R49:R62) -> 734603
A65: Nº | B65: FECHA RECEPCION SOLICITUD | C65: TIPO DE SOLICITUD | D65: DEPTO. Y DIV. | E65: NRO SOLCOM / PEDIMATS | F65: ORCOM SALINO | G65: CUENTA DE GASTO | H65: NRO OT | I65: NRO ITEMS | J65: Nº STOCK | K65: DESCRIPCION ITEMS | L65: CANT. PAPELETA | M65: CANT. SOLICITADA | N65: CANT. ENTREGADA | O65: VALOR UNITARIO SALINO | P65: VALOR TOTAL SALINO | Q65: VALOR UNITARIO REAL | R65: VALOR TOTAL REAL | S65: ESTADO ITEM
A66: 1 | B66: 31/01/2025 | C66: PEDIMENTO | D66: SSAA / TANGO | E66: F15454 | G66: 427700002432DW8800CONS | H66: SIN OT | I66: CONSUMOS SSAA 4
F67: 1ZCMQA | I67: ITEM 1 | J67: 2921102 | K67: ANTISEIZE COMPOUND | L67: 5 | M67: 5 | N67: 5 | O67: 31535 | P67: =M67*O67 -> 157675 | Q67: 31535 | R67: =N67*Q67 -> 157675 | S67: OK
F68: 1ZGMQA | I68: ITEM 3 | J68: AR0019723 | K68: CINTA AISLADORA | L68: 5 | M68: 5 | N68: 5 | O68: 1902.8 | P68: =M68*O68 -> 9514 | Q68: 1903 | R68: =N68*Q68 -> 9515 | S68: OK
I69: ITEM 4 | J69: 6211820 | K69: LEAK TEST COMPOUND | L69: 1 | M69: 1 | N69: 1 | O69: 121000 | P69: =M69*O69 -> 121000 | Q69: 121000 | R69: =N69*Q69 -> 121000 | S69: OK
F70: 1ZHMQA | I70: ITEM 5 | J70: 1272523 | K70: DESICCANT, ACTIVATED N | L70: 10 | M70: 10 | N70: 10 | O70: 4998 | P70: =M70*O70 -> 49980 | Q70: 4998 | R70: =N70*Q70 -> 49980 | S70: OK
F71: 1ZJMQA | I71: ITEM 8 | J71: S012369 | K71: ISOPROPYL ALCOHOL | L71: 5 | M71: 5 | N71: 5 | O71: 4581.4 | P71: =M71*O71 -> 22907 | Q71: 4581 | R71: =N71*Q71 -> 22905 | S71: OK
F72: 1ZHNQA | I72: ITEM 9 | J72: X260237 | K72: EYE PROTECCION | L72: 5 | M72: 5 | N72: 5 | O72: 5587 | P72: =M72*O72 -> 27935 | Q72: 5587 | R72: =N72*Q72 -> 27935 | S72: OK
F73: 1ZGMQA | I73: ITEM 10 | J73: AR0019723 | K73: CINTA AISLADORA | L73: 5 | M73: 5 | N73: 5 | O73: 1902.8 | P73: =M73*O73 -> 9514 | Q73: 1903 | R73: =N73*Q73 -> 9515 | S73: OK, SOLICITAR A VALPABAS LA ACTUALIZACION DEL ITEM, DEBIDO QUE FUE ENTREGADO LAS 5 NR EN ITEM 3
F74: 1ZHMQA | I74: ITEM 11 | J74: 1272523 | K74: DESICCANT, ACTIVATED | L74: 10 | M74: 10 | N74: 10 | O74: 4998 | P74: =M74*O74 -> 49980 | Q74: 4998 | R74: =N74*Q74 -> 49980 | S74: OK
F75: 1ZKMQA | I75: ITEM 12 | J75: S012369 | K75: ISOPROPYL ALCOHOL | L75: 5 | M75: 5 | N75: 5 | O75: 4581.4 | P75: =M75*O75 -> 22907 | Q75: 4581.4 | R75: =N75*Q75 -> 22907 | S75: OK
F76: 1ZLOQA | I76: ITEM 13 | J76: 123769152 | K76: CONNECTOR,MODULAR | L76: 10 | M76: 10 | N76: 10 | O76: 57777 | P76: =M76*O76 -> 577770 | Q76: 57777 | R76: =N76*Q76 -> 577770 | S76: OK
F77: 1ZIMQA | I77: ITEM 15 | J77: 121796341 | K77: ADHESIVE | L77: 2 | M77: 2 | N77: 2 | O77: 15826 | P77: =M77*O77 -> 31652 | Q77: 15826 | R77: =N77*Q77 -> 31652 | S77: ENTREGADOS A C2 ALEGRIA
F78: 1ZWRQB | I78: ITEM 16 | J78: 992246082 | K78: ADHESIVE | L78: 2 | M78: 2 | N78: 2 | O78: =P78/2 -> 9282 | P78: 18564 | Q78: 9282 | R78: =N78*Q78 -> 18564 | S78: ENTREGADOS A C2 ALEGRIA
F79: 1ZCMQA | I79: ITEM 17 | J79: 990207329 | K79: CORROSION PREVENTIVE | L79: 10 | M79: 10 | N79: 10 | O79: 4165 | P79: =M79*O79 -> 41650 | Q79: 4165 | R79: =N79*Q79 -> 41650 | S79: OK
O80: TOTAL | P80: =SUM(P67:P79) -> 1141048 | Q80: TOTAL | R80: =SUM(R67:R79) -> 1141048
A82: Nº | B82: FECHA RECEPCION SOLICITUD | C82: TIPO DE SOLICITUD | D82: DEPTO. Y DIV. | E82: NRO SOLCOM / PEDIMATS | F82: ORCOM SALINO | G82: CUENTA DE GASTO | H82: NRO OT | I82: NRO ITEMS | J82: Nº STOCK | K82: DESCRIPCION ITEMS | L82: CANT. PAPELETA | M82: CANT. SOLICITADA | N82: CANT. ENTREGADA | O82: VALOR UNITARIO SALINO | P82: VALOR TOTAL SALINO | Q82: VALOR UNITARIO REAL | R82: VALOR TOTAL REAL | S82: ESTADO ITEM
A83: 1 | B83: 23/01/2025 | C83: PEDIMENTO | D83: OPER / KILO | H83: SIN OT | I83: CONSUMO JUNTA ECONOMICA
H84: SIN OT | I84: ITEM 1 | J84: S/N | K84: PESTILLO TAMAÑO 2.5 PULGADAS | L84: 2 | M84: 0 | N84: 0 | O84: 7000 | P84: =M84*O84 -> 0 | Q84: 0 | R84: =N84*Q84 -> 0 | S84: NO COMPRADO
H85: SIN OT | I85: ITEM 2 | J85: S/N | K85: ACRILICO 1MTS X 1.45 MTS | L85: 1 | M85: 0 | N85: 0 | O85: 70000 | P85: =M85*O85 -> 0 | Q85: 0 | R85: =N85*Q85 -> 0 | S85: NO COMPRADO
H86: SIN OT | I86: ITEM 3 | J86: S/N | K86: MANILLA PUERTA INTERIOR | L86: 2 | M86: 0 | N86: 0 | O86: 20000 | P86: =M86*O86 -> 0 | Q86: 0 | R86: =N86*Q86 -> 0 | S86: NO COMPRADO
O87: TOTAL | P87: =SUM(P84:P86) -> 0 | Q87: TOTAL | R87: =SUM(R84:R86) -> 0
A89: Nº | B89: FECHA RECEPCION SOLICITUD | C89: TIPO DE SOLICITUD | D89: DEPTO. Y DIV. | E89: NRO SOLCOM / PEDIMATS | F89: ORCOM SALINO | G89: CUENTA DE GASTO | H89: NRO OT | I89: NRO ITEMS | J89: Nº STOCK | K89: DESCRIPCION ITEMS | L89: CANT. PAPELETA | M89: CANT. SOLICITADA | N89: CANT. ENTREGADA | O89: VALOR UNITARIO SALINO | P89: VALOR TOTAL SALINO | Q89: VALOR UNITARIO REAL | R89: VALOR TOTAL REAL | S89: ESTADO ITEM
A90: 1 | B90: 23/01/2025 | C90: PEDIMENTO | D90: OPER / NOVEMBER | H90: SIN OT | I90: CONSUMO JUNTA ECONOMICA
I91: ITEM 1 | J91: S/N | K91: COMPAS DE BRONCE PUNTA SECA | L91: 2 | M91: 0 | N91: 0 | O91: 49000 | P91: =M91*O91 -> 0 | Q91: 0 | R91: =N91*Q91 -> 0 | S91: NO COMPRADO
I92: ITEM 2 | J92: S/N | K92: PLUMON 334 FINELINER 0.3 50 COL | L92: 1 | M92: 0 | N92: 0 | O92: 36600 | P92: =M92*O92 -> 0 | Q92: 0 | R92: =N92*Q92 -> 0 | S92: NO COMPRADO
I93: ITEM 3 | J93: S/N | K93: CRONOMETRO DIGITAL | L93: 1 | M93: 0 | N93: 0 | O93: 4000 | P93: =M93*O93 -> 0 | Q93: 0 | R93: =N93*Q93 -> 0 | S93: NO COMPRADO
I94: ITEM 4 | J94: S/N | K94: PARALELAS 15 PULGADAS | L94: 2 | M94: 0 | N94: 0 | O94: 34000 | P94: =M94*O94 -> 0 | Q94: 0 | R94: =N94*Q94 -> 0 | S94: NO COMPRADO
I95: ITEM 5 | J95: S/N | K95: COMPAS MILLENIUM 179 | L95: 2 | M95: 0 | N95: 0 | O95: 32000 | P95: =M95*O95 -> 0 | Q95: 0 | R95: =N95*Q95 -> 0 | S95: NO COMPRADO
I96: ITEM 6 | J96: S/N | K96: COMPAS ULTRA DIVIDIR 179 | L96: 2 | M96: 0 | N96: 0 | O96: 32000 | P96: =M96*O96 -> 0 | Q96: 0 | R96: =N96*Q96 -> 0 | S96: NO COMPRADO
O97: TOTAL | P97: =SUM(P91:P96) -> 0 | Q97: TOTAL | R97: =SUM(R91:R96) -> 0
A99: Nº | B99: FECHA RECEPCION SOLICITUD | C99: TIPO DE SOLICITUD | D99: DEPTO. Y DIV. | E99: NRO SOLCOM / PEDIMATS | F99: ORCOM SALINO | G99: CUENTA DE GASTO | H99: NRO OT | I99: NRO ITEMS | J99: Nº STOCK | K99: DESCRIPCION ITEMS | L99: CANT. PAPELETA | M99: CANT. SOLICITADA | N99: CANT. ENTREGADA | O99: VALOR UNITARIO SALINO | P99: VALOR TOTAL SALINO | Q99: VALOR UNITARIO REAL | R99: VALOR TOTAL REAL | S99: ESTADO ITEM
A100: 1 | B100: 23/01/2025 | C100: PEDIMENTO | D100: OPER / OSCAR | H100: SIN OT | I100: CONSUMO JUNTA ECONOMICA
H101: SIN OT | I101: ITEM 1 | J101: S/N | K101: GUILLOTINA METALICA A4 32CM | L101: 1 | M101: 0 | N101: 0 | O101: 14990 | P101: =M101*O101 -> 0 | Q101: 0 | R101: =N101*Q101 -> 0 | S101: NO COMPRADO
H102: SIN OT | I102: ITEM 2 | J102: S/N | K102: 2 TINTAS COLOR CANON | L102: 1 | M102: 0 | N102: 0 | O102: 54990 | P102: =M102*O102 -> 0 | Q102: 0 | R102: =N102*Q102 -> 0 | S102: NO COMPRADO
H103: SIN OT | I103: ITEM 3 | J103: S/N | K103: PIZARRA MAGNETICA PLANIFICADOR MENSUAL 96X60 | L103: 1 | M103: 0 | N103: 0 | O103: 58990 | P103: =M103*O103 -> 0 | Q103: 0 | R103: =N103*Q103 -> 0 | S103: NO COMPRADO
O104: TOTAL | P104: =SUM(P101:P103) -> 0 | Q104: TOTAL | R104: =SUM(R101:R103) -> 0
A106: Nº | B106: FECHA RECEPCION SOLICITUD | C106: TIPO DE SOLICITUD | D106: DEPTO. Y DIV. | E106: NRO SOLCOM / PEDIMATS | F106: ORCOM SALINO | G106: CUENTA DE GASTO | H106: NRO OT | I106: NRO ITEMS | J106: Nº STOCK | K106: DESCRIPCION ITEMS | L106: CANT. PAPELETA | M106: CANT. SOLICITADA | N106: CANT. ENTREGADA | O106: VALOR UNITARIO SALINO | P106: VALOR TOTAL SALINO | Q106: VALOR UNITARIO REAL | R106: VALOR TOTAL REAL | S106: ESTADO ITEM
A107: 1 | B107: 23/01/2025 | C107: PEDIMENTO | D107: OPER / QUILLA | H107: SIN OT | I107: CONSUMO JUNTA ECONOMICA
...

Sheet LUBR 2025
A1: Nº | B1: FECHA RECEPCION SOLICITUD | C1: TIPO DE SOLICITUD | D1: DEPTO. Y DIV. | E1: NRO SOLCOM / PEDIMATS | F1: ORCOM SALINO | G1: CUENTA DE GASTO | H1: NRO OT | I1: NRO ITEMS | J1: Nº STOCK | K1: DESCRIPCION ITEMS | L1: CANT. PAPELETA | M1: CANT. SOLICITADA | N1: CANT. ENTREGADA | O1: VALOR UNITARIO SALINO | P1: VALOR TOTAL SALINO | Q1: VALOR UNITARIO REAL | R1: VALOR TOTAL REAL | S1: ESTADO ITEM
A2: 1 | B2: 31/01/2025 | C2: PEDIMENTO | D2: ING / ANCLA | E2: C17780 | G2: 427700002432DW8800LUBR | H2: PV16928 | I2: JUNTA ECONOMICA LUBRICANTE
I3: ITEM 1 | J3: 15529289 | K3: LUBRICATING OIL | L3: 9 | M3: 9 | N3: 0 | O3: 610879 | P3: =M3*O3 -> 5497911 | Q3: 0 | R3: 5497911 | S3: OK
I4: ITEM 2 | J4: 332075534 | K4: LUBRICATING OIL, | L4: 3 | M4: 2 | N4: 0 | O4: 958645 | P4: =M4*O4 -> 1917290 | Q4: 0 | R4: 1917290 | S4: OK
F5: 1ZPQQA | I5: ITEM 4 | J5: AR0005277 | K5: LUBRICATING OIL,GEAR | L5: 11 | M5: 11 | N5: 0 | O5: 70045.77 | P5: =M5*O5 -> 770503.47 | Q5: =58862*1.19 -> 70045.78 | R5: 770503 | S5: OK
N6: 2 | O6: TOTAL | P6: =SUM(P3:P5) -> 8185704.5 | Q6: TOTAL | R6: =SUM(R3:R5) -> 8185704
A8: Nº | B8: FECHA RECEPCION SOLICITUD | C8: TIPO DE SOLICITUD | D8: DEPTO. Y DIV. | E8: NRO SOLCOM / PEDIMATS | F8: ORCOM SALINO | G8: CUENTA DE GASTO | H8: NRO OT | I8: NRO ITEMS | J8: Nº STOCK | K8: DESCRIPCION ITEMS | L8: CANT. PAPELETA | M8: CANT. SOLICITADA | N8: CANT. ENTREGADA | O8: VALOR UNITARIO SALINO | P8: VALOR TOTAL SALINO | Q8: VALOR UNITARIO REAL | R8: VALOR TOTAL REAL | S8: ESTADO ITEM
A9: 1 | B9: 31/01/2025 | C9: PEDIMENTO | D9: ING / MENA | E9: M16872 | G9: 427700002432DW8800LUBR | H9: PV16753 | I9: LUBRICANTES JUNTA ECONOMICA PROPULSION
I10: ITEM 2 | J10: 9857099 | K10: LUBRICATING OIL, | L10: 2 | M10: 2 | N10: 2 | O10: 332570 | P10: =M10*O10 -> 665140 | Q10: 332570 | R10: =N10*Q10 -> 665140 | S10: OK
I11: ITEM 3 | J11: 222207199 | K11: LUBRICATING OIL,GEAR | L11: 6 | M11: 6 | N11: 6 | O11: 69028 | P11: =M11*O11 -> 414168 | Q11: 69028 | R11: =N11*Q11 -> 414168 | S11: OK ENTREGADO A SO SILVA
A12: 2 | B12: 31/01/2025 | C12: PEDIMENTO | D12: ING / MENA | E12: J17216 | G12: 427700002432DW8800LUBR | H12: PV16753 | I12: ADQUISICON DE LUBRICANTES EN MAGABAS T1 PINEDA
I13: ITEM 1 | J13: 992395015 | K13: HYDRAULIC FLUID,FIRE RESISTANT ;FLU | L13: 2 | M13: 2 | N13: 2 | O13: 934388 | P13: =M13*O13 -> 1868776 | Q13: 938388 | R13: =N13*Q13 -> 1876776 | S13: OK
N14: =665140/2 -> 332570 | O14: TOTAL | P14: =SUM(P10:P13) -> 2948084 | Q14: TOTAL | R14: =SUM(R13:R13) -> 1876776
A16: Nº | B16: FECHA RECEPCION SOLICITUD | C16: TIPO DE SOLICITUD | D16: DEPTO. Y DIV. | E16: NRO SOLCOM / PEDIMATS | F16: ORCOM SALINO | G16: CUENTA DE GASTO | H16: NRO OT | I16: NRO ITEMS | J16: Nº STOCK | K16: DESCRIPCION ITEMS | L16: CANT. PAPELETA | M16: CANT. SOLICITADA | N16: CANT. ENTREGADA | O16: VALOR UNITARIO SALINO | P16: VALOR TOTAL SALINO | Q16: VALOR UNITARIO REAL | R16: VALOR TOTAL REAL | S16: ESTADO ITEM
A17: 1 | B17: 31/01/2025 | C17: PEDIMENTO | D17: ING / REMO | E17: M16871 | G17: 427700002432DW8800LUBR | H17: PV16796 | I17: LUBRICANTES ING 10
I18: ITEM 2 | J18: 123218395 | K18: LUBRICATING OIL,AIR | L18: 9 | M18: 4 | N18: 4 | O18: 239621 | P18: =M18*O18 -> 958484 | Q18: 239613.5 | R18: 958484 | S18: OK
N19: =958484/4 -> 239621 | O19: TOTAL | P19: =SUM(P18:P18) -> 958484 | Q19: TOTAL | R19: =SUM(R18:R18) -> 958484
A21: Nº | B21: FECHA RECEPCION SOLICITUD | C21: TIPO DE SOLICITUD | D21: DEPTO. Y DIV. | E21: NRO SOLCOM / PEDIMATS | F21: ORCOM SALINO | G21: CUENTA DE GASTO | H21: NRO OT | I21: NRO ITEMS | J21: Nº STOCK | K21: DESCRIPCION ITEMS | L21: CANT. PAPELETA | M21: CANT. SOLICITADA | N21: CANT. ENTREGADA | O21: VALOR UNITARIO SALINO | P21: VALOR TOTAL SALINO | Q21: VALOR UNITARIO REAL | R21: VALOR TOTAL REAL | S21: ESTADO ITEM
A22: 1 | B22: 31/01/2025 | C22: PEDIMENTO | D22: SSAA / TANGO | I22: LUBRICANTES JUNTA ECONOMICA
I23: ITEM 1 | J23: 2234004 | K23: MIL-G-21164 (STIR) | L23: 2 | M23: 0 | N23: 0 | O23: 68572 | P23: =M23*O23 -> 0 | Q23: 0 | R23: =N23*Q23 -> 0 | S23: NO COMPRADO
I24: ITEM 2 | J24: 13687076 | K24: MIL-PRF-17331 (CAS) | L24: 8 | M24: 0 | N24: 0 | O24: 30000 | P24: =M24*O24 -> 0 | Q24: 0 | R24: =N24*Q24 -> 0 | S24: NO COMPRADO
I25: ITEM 3 | J25: 9857237 | K25: MIL-PRF-17672 (TDT) | L25: 1 | M25: 0 | N25: 0 | O25: 60000 | P25: =M25*O25 -> 0 | Q25: 0 | R25: =N25*Q25 -> 0 | S25: NO COMPRADO
I26: ITEM 4 | J26: 9857247 | K26: MIL-PRF-23827 (CAS, STIR, TDT Y MK-60 | L26: 5 | M26: 0 | N26: 0 | O26: 20925 | P26: =M26*O26 -> 0 | Q26: 0 | R26: =N26*Q26 -> 0 | S26: NO COMPRADO
I27: ITEM 5 | J27: 2234130 | K27: MIL-PRF-6086 (STIR) | L27: 8 | M27: 0 | N27: 0 | O27: 30080 | P27: =M27*O27 -> 0 | Q27: 0 | R27: =N27*Q27 -> 0 | S27: NO COMPRADO
I28: ITEM 6 | J28: 2649039 | K28: SOLVENTE LIMPIADOR A-A-59601 | L28: 2 | M28: 0 | N28: 0 | O28: 17731 | P28: =M28*O28 -> 0 | Q28: 0 | R28: =N28*Q28 -> 0 | S28: NO COMPRADO
I29: ITEM 7 | J29: 121957597 | K29: ACEITE DE LUBRICACION | L29: 1 | M29: 0 | N29: 0 | O29: 180208 | P29: =M29*O29 -> 0 | Q29: 0 | R29: =N29*Q29 -> 0 | S29: NO COMPRADO
I30: ITEM 8 | J30: 123042061 | K30: ACEITE LIMPIEZA ARMAMENTO | L30: 8 | M30: 0 | N30: 0 | O30: 14695 | P30: =M30*O30 -> 0 | Q30: 0 | R30: =N30*Q30 -> 0 | S30: NO COMPRADO
I31: ITEM 9 | J31: 2234134 | K31: ACEITE RECUPERDOR Y EQUILIBRADOR | L31: 1 | M31: 0 | N31: 0 | O31: 8345 | P31: =M31*O31 -> 0 | Q31: 0 | R31: =N31*Q31 -> 0 | S31: NO COMPRADO
I32: ITEM 10 | J32: 133042061 | K32: CLEANER, LUBRICANT AND PRESERVATIVE, MIL-PRF-63460 | L32: 2 | M32: 0 | N32: 0 | O32: 14695 | P32: =M32*O32 -> 0 | Q32: 0 | R32: =N32*Q32 -> 0 | S32: NO COMPRADO
I33: ITEM 11 | J33: 1053084 | K33: CLEANING COMPOUND, SOLVENT, MIL-C-81302 | L33: 4 | M33: 0 | N33: 0 | O33: 68900 | P33: =M33*O33 -> 0 | Q33: 0 | R33: =N33*Q33 -> 0 | S33: NO COMPRADO
I34: ITEM 12 | J34: 2649038 | K34: CLEANING COMPOUND, SOLVENT, MIL-PRF-680 TYPE III,A-A-596 | L34: 2 | M34: 0 | N34: 0 | O34: 7318 | P34: =M34*O34 -> 0 | Q34: 0 | R34: =N34*Q34 -> 0 | S34: NO COMPRADO
... I37: ITEM 15 | J37: 2133279 | K37: CORROSION PREVENTIVE COMPOUND MIL-C-81309,TY2, CL2 | L37: 4 | M37: 0 | N37: 0 | O37: 76293 | P37: =M37*O37 -> 0 | Q37: 0 | R37: =N37*Q37 -> 0 | S37: NO COMPRADO
I38: ITEM 16 | J38: NO CATALOGADO | K38: DRY CLEANING COMPOUND MIL-PRF-680 | L38: 2 | M38: 0 | N38: 0 | O38: 29890 | P38: =M38*O38 -> 0 | Q38: 0 | R38: =N38*Q38 -> 0 | S38: NO COMPRADO
I39: ITEM 17 | J39: 9857247 | K39: GREASE, AIRCRAFT AND INSTRUMENT, MIL-PRF-23827 | L39: 4 | M39: 0 | N39: 0 | O39: 20925 | P39: =M39*O39 -> 0 | Q39: 0 | R39: =N39*Q39 -> 0 | S39: NO COMPRADO
I40: ITEM 18 | J40: 2698255 | K40: GREASE, AIRCRAFT MIL-G-4343 | L40: 2 | M40: 0 | N40: 0 | O40: 29949 | P40: =M40*O40 -> 0 | Q40: 0 | R40: =N40*Q40 -> 0 | S40: NO COMPRADO
I41: ITEM 19 | J41: 1817724 | K41: GREASE, AIRCRAFT, MIL-PRF-81322G (01 TUBO) | L41: 4 | M41: 0 | N41: 0 | O41: 27585 | P41: =M41*O41 -> 0 | Q41: 0 | R41: =N41*Q41 -> 0 | S41: NO COMPRADO
I42: ITEM 20 | J42: 2575358 | K42: GREASE, SILICONE INSULATED ELECTRIC, MIL-L-15719A (3) | L42: 2 | M42: 0 | N42: 0 | O42: 26009 | P42: =M42*O42 -> 0 | Q42: 0 | R42: =N42*Q42 -> 0 | S42: NO COMPRADO
I43: ITEM 21 | J43: 5306814 | K43: GREASE, WIRE ROPE-EXPOSED GEAR, MIL-PRF-18458C | L43: 2 | M43: 0 | N43: 0 | O43: 52018 | P43: =M43*O43 -> 0 | Q43: 0 | R43: =N43*Q43 -> 0 | S43: NO COMPRADO
I44: ITEM 22 | J44: 9857232 | K44: HYDRAULIC FLUID MIL-H-17672 | L44: 2 | M44: 0 | N44: 0 | O44: 14180 | P44: =M44*O44 -> 0 | Q44: 0 | R44: =N44*Q44 -> 0 | S44: NO COMPRADO
I45: ITEM 23 | J45: 9857237 | K45: HYDRAULIC FLUID, PETROLEUM BASE, MIL-H-17672, MS2135TH | L45: 1 | M45: 0 | N45: 0 | O45: 159890 | P45: =M45*O45 -> 0 | Q45: 0 | R45: =N45*Q45 -> 0 | S45: NO COMPRADO
I46: ITEM 24 | J46: 3685233 | K46: INHIBITOR, CORROSION, VAPOR BARRIER, MIL-I-22110 | L46: 1 | M46: 0 | N46: 0 | O46: 100095 | P46: =M46*O46 -> 0 | Q46: 0 | R46: =N46*Q46 -> 0 | S46: NO COMPRADO
I47: ITEM 25 | J47: 12602534 | K47: LUBRICANT, SOLID FILM MIL-L-23398 TY II | L47: 3 | M47: 0 | N47: 0 | O47: 50015 | P47: =M47*O47 -> 0 | Q47: 0 | R47: =N47*Q47 -> 0 | S47: NO COMPRADO
I48: ITEM 26 | J48: 170280208 | K48: LUBRICATING OIL, AIRCRAFT PISTON, MIL-L-22851, SYM LAD III (5 GL). | L48: 1 | M48: 0 | N48: 0 | O48: 125318 | P48: =M48*O48 -> 0 | Q48: 0 | R48: =N48*Q48 -> 0 | S48: NO COMPRADO
I49: ITEM 27 | J49: 10355393 | K49: LUBRICATING OIL, GEAR, MIL-PRF-2105 | L49: 1 | M49: 0 | N49: 0 | O49: 78815 | P49: =M49*O49 -> 0 | Q49: 0 | R49: =N49*Q49 -> 0 | S49: NO COMPRADO
I50: ITEM 28 | J50: 4580075 | K50: LUBRICATING OIL, GENERAL PURPOSE, MIL-PRF-32033 | L50: 1 | M50: 0 | N50: 0 | O50: 180208 | P50: =M50*O50 -> 0 | Q50: 0 | R50: =N50*Q50 -> 0 | S50: NO COMPRADO
... I52: ITEM 30 | J52: 14680088 | K52: MOLYBDENUM DISULFIDE PASTE DWG # 3240606 | L52: 2 | M52: 0 | N52: 0 | O52: 18990 | P52: =M52*O52 -> 0 | Q52: 0 | R52: =N52*Q52 -> 0 | S52: NO COMPRADO
I53: ITEM 31 | J53: NO CATALOGADO | K53: OIL, GEAR, 85W-140, SAE J2360, SAE J2360 | L53: 2 | M53: 0 | N53: 0 | O53: 24590 | P53: =M53*O53 -> 0 | Q53: 0 | R53: =N53*Q53 -> 0 | S53: NO COMPRADO
I54: ITEM 32 | J54: NO CATALOGADO | K54: SEALING COMPOUND PASTE TT-S-230 | L54: 2 | M54: 0 | N54: 0 | O54: 25220 | P54: =M54*O54 -> 0 | Q54: 0 | R54: =N54*Q54 -> 0 | S54: NO COMPRADO
I55: ITEM 33 | J55: 1775094 | K55: SILICONE COMPOUND, PT NO. MIL-S-8660 | L55: 3 | M55: 0 | N55: 0 | O55: 1000 | P55: =M55*O55 -> 0 | Q55: 0 | R55: =N55*Q55 -> 0 | S55: NO COMPRADO
I56: ITEM 34 | J56: 2618317 | K56: UPH(HYDRAULIC FLUID, PETROLEUMBASE, MIL-F-17111) | L56: 3 | M56: 0 | N56: 0 | O56: 166005 | P56: =M56*O56 -> 0 | Q56: 0 | R56: =N56*Q56 -> 0 | S56: NO COMPRADO
I57: ITEM 35 | J57: NO CATALOGADO | K57: WD-40 ANTICORROSIVO 191 ML | L57: 7 | M57: 0 | N57: 0 | O57: 6500 | P57: =M57*O57 -> 0 | Q57: 0 | R57: =N57*Q57 -> 0 | S57: NO COMPRADO
I58: ITEM 36 | J58: 9381947 | K58: CORROSION PREVENTIVE COMPOUND, MIL-C-81309,TY2,CL2. | L58: 10 | M58: 0 | N58: 0 | O58: 3200 | P58: =M58*O58 -> 0 | Q58: 0 | R58: =N58*Q58 -> 0 | S58: NO COMPRADO
I59: ITEM 37 | J59: 10355392 | K59: GEAR OIL, 80W90, MIL - L - 2105 | L59: 20 | M59: 0 | N59: 0 | O59: 2452 | P59: =M59*O59 -> 0 | Q59: 0 | R59: =N59*Q59 -> 0 | S59: NO COMPRADO
I60: ITEM 38 | J60: 2316689 | K60: GENERAL PURPOSE LUBRICATING OIL, VV-L-800 | L60: 6 | M60: 0 | N60: 0 | O60: 19557 | P60: =M60*O60 -> 0 | Q60: 0 | R60: =N60*Q60 -> 0 | S60: NO COMPRADO
I61: ITEM 39 | J61: 2698255 | K61: GREASE, AIRCRAFT, MIL-G-4343, SYM WTR | L61: 3 | M61: 0 | N61: 0 | O61: 12671 | P61: =M61*O61 -> 0 | Q61: 0 | R61: =N61*Q61 -> 0 | S61: NO COMPRADO
I62: ITEM 40 | J62: 1817724 | K62: GREASE, AIRCRAFT, MIL-PRF-81322 | L62: 3 | M62: 0 | N62: 0 | O62: 3000 | P62: =M62*O62 -> 0 | Q62: 0 | R62: =N62*Q62 -> 0 | S62: NO COMPRADO
I63: ITEM 41 | J63: 11977689 | K63: GREASE, MIL-G-10924 | L63: 3 | M63: 0 | N63: 0 | O63: 41019 | P63: =M63*O63 -> 0 | Q63: 0 | R63: =N63*Q63 -> 0 | S63: NO COMPRADO
I64: ITEM 42 | J64: 2234004 | K64: GREASE, MOLYBDENUM DISULFIDE, MIL-G-21164 | L64: 3 | M64: 0 | N64: 0 | O64: 68575 | P64: =M64*O64 -> 0 | Q64: 0 | R64: =N64*Q64 -> 0 | S64: NO COMPRADO
I65: ITEM 43 | J65: 9857247 | K65: GREASE, WATER RESISTANT, (GENERAL USE) | L65: 3 | M65: 0 | N65: 0 | O65: 20925 | P65: =M65*O65 -> 0 | Q65: 0 | R65: =N65*Q65 -> 0 | S65: NO COMPRADO
I66: ITEM 44 | J66: 6892382 | K66: HYDRAULIC FLUID, AUTOMATIC TRANSMISSION (DEXRON VI). | L66: 24 | M66: 0 | N66: 0 | O66: 700 | P66: =M66*O66 -> 0 | Q66: 0 | R66: =N66*Q66 -> 0 | S66: NO COMPRADO
I67: ITEM 45 | J67: 999431325 | K67: HYDRAULIC FLUID, PETROLEUM BASE, H-576, OM-33 | L67: 2 | M67: 0 | N67: 0 | O67: 19500 | P67: =M67*O67 -> 0 | Q67: 0 | R67: =N67*Q67 -> 0 | S67: NO COMPRADO
I68: ITEM 46 | J68: 9852737 | K68: HYDRAULIC FLUID, PETROLEUM BASE, MIL-PRF-17672 | L68: 1 | M68: 0 | N68: 0 | O68: 27500 | P68: =M68*O68 -> 0 | Q68: 0 | R68: =N68*Q68 -> 0 | S68: NO COMPRADO
I69: ITEM 47 | J69: 9150015794068 | K69: LUBRICATING OIL, HHS-K | L69: 2 | M69: 0 | N69: 0 | O69: 12500 | P69: =M69*O69 -> 0 | Q69: 0 | R69: =N69*Q69 -> 0 | S69: NO COMPRADO
... I71: ITEM 49 | J71: 992761600 | K71: ANTICORROSIVE C.R.C. 3.36 (COMPUESTO ANTICORROSIVO) | L71: 3 | M71: 0 | N71: 0 | O71: 6990 | P71: =M71*O71 -> 0 | Q71: 0 | R71: =N71*Q71 -> 0 | S71: NO COMPRADO
I72: ITEM 50 | J72: MILG23827A | K72: GRASA PARA ANTENA TILT BASE | L72: 3 | M72: 0 | N72: 0 | O72: 6990 | P72: =M72*O72 -> 0 | Q72: 0 | R72: =N72*Q72 -> 0 | S72: NO COMPRADO
I73: ITEM 51 | J73: 7542595 | K73: GREASE G-353 MIL-G-211640D 1 LB (GRASA) | L73: 3 | M73: 0 | N73: 0 | O73: 6990 | P73: =M73*O73 -> 0 | Q73: 0 | R73: =N73*Q73 -> 0 | S73: NO COMPRADO
I74: ITEM 52 | J74: 9150013306167 | K74: OIL, GEAR, SHC 626 | L74: 1 | M74: 0 | N74: 0 | O74: 158569 | P74: =M74*O74 -> 0 | Q74: 0 | R74: =N74*Q74 -> 0 | S74: NO COMPRADO
O75: TOTAL | P75: =SUM(P23:P74) -> 0 | Q75: TOTAL | R75: =SUM(R23:R74) -> 0

Sheet SEVA 2025
A1: Nº | B1: FECHA RECEPCION SOLICITUD | C1: TIPO DE SOLICITUD | D1: DEPTO. Y DIV. | E1: NRO SOLCOM / PEDIMATS | F1: ORCOM SALINO | G1: CUENTA DE GASTO | H1: NRO OT | I1: NRO ITEMS | J1: Nº STOCK | K1: DESCRIPCION ITEMS | L1: CANT. PAPELETA | M1: CANT. SOLICITADA | N1: CANT. ENTREGADA | O1: VALOR UNITARIO SALINO | P1: VALOR TOTAL SALINO | Q1: VALOR UNITARIO REAL | R1: VALOR TOTAL REAL | S1: ESTADO ITEM
A2: 1 | B2: 23/01/2025 | C2: SERVMAD | D2: ING / REMO | E2: N/C | F2: N/C | G2: 427700002432DW8800SEVA | H2: N/C | I2: ADQUISICION IMPRENTA __/2025
I3: ITEM 1 | J3: N/C | K3: TARJETA CONTROL EXTINTOR AFFF/PQS | L3: 200 | M3: 0 | N3: 0 | O3: 250 | P3: =M3*O3 -> 0 | Q3: 0 | R3: =N3*Q3 -> 0 | S3: COMPRADO CON FOFI Y ENTREGADO
I4: ITEM 2 | J4: N/C | K4: TARJETA CONTROL EXTINTOR CO2 | L4: 200 | M4: 0 | N4: 0 | O4: 250 | P4: =M4*O4 -> 0 | Q4: 0 | R4: =N4*Q4 -> 0 | S4: COMPRADO CON FOFI Y ENTREGADO
I5: ITEM 3 | J5: N/C | K5: TARJETA CONTROL EXTINTOR HALON | L5: 100 | M5: 0 | N5: 0 | O5: 250 | P5: =M5*O5 -> 0 | Q5: 0 | R5: =N5*Q5 -> 0 | S5: POR COMPRAR CON FOFI
O6: TOTAL | P6: =SUM(P3:P5) -> 0 | Q6: TOTAL | R6: =SUM(R3:R5) -> 0
A8: Nº | B8: FECHA RECEPCION SOLICITUD | C8: TIPO DE SOLICITUD | D8: DEPTO. Y DIV. | E8: NRO SOLCOM / PEDIMATS | F8: ORCOM SALINO | G8: CUENTA DE GASTO | H8: NRO OT | I8: NRO ITEMS | J8: Nº STOCK | K8: DESCRIPCION ITEMS | L8: CANT. PAPELETA | M8: CANT. SOLICITADA | N8: CANT. ENTREGADA | O8: VALOR UNITARIO SALINO | P8: VALOR TOTAL SALINO | Q8: VALOR UNITARIO REAL | R8: VALOR TOTAL REAL | S8: ESTADO ITEM
A9: 1 | B9: 45931 | C9: SERVMAD | D9: AB/ SUR 1 | E9: L25306 | F9: N/C | G9: 427700002432DW8800SEVA | H9: N/C | I9: ADQUISICION SERVMAD 1
I10: ITEM 1 | J10: N/C | K10: INSUMOS VARIOS | L10: 1 | M10: 1 | N10: 1 | O10: 1647683 | P10: =M10*O10 -> 1647683 | Q10: 1647683 | R10: =N10*Q10 -> 1647683 | S10: RETIRADO Y ALMACENADO EN PAÑOL DE CONSUMOS
A11: 2 | B11: 45901 | C11: SERVMAD | D11: AB/ SUR 1 | E11: 10/2025. | F11: N/C | G11: 427700002432DW8800SEVA | H11: N/C | I11: ADQUISICION SERVMAD 2
I12: ITEM 1 | J12: N/C | K12: INSUMOS VARIOS | L12: 1 | M12: 1 | N12: 1 | O12: 280000 | P12: =M12*O12 -> 280000 | Q12: 280000 | R12: =N12*Q12 -> 280000 | S12: RETIRADO Y ALMACENADO EN PAÑOL DE CONSUMOS
A13: 3 | B13: 27/01/2025 | C13: SERVMAD | D13: AB/ SUR 1 | F13: N/C | G13: 427700002432DW8800SEVA | H13: N/C | I13: ADQUISICION SERVMAD 3
I14: ITEM 1 | J14: N/C | K14: INSUMOS VARIOS | L14: 1 | M14: 1 | N14: 1 | O14: 39000 | P14: =M14*O14 -> 39000 | Q14: 39000 | R14: =N14*Q14 -> 39000 | S14: RETIRADO Y ALMACENADO EN PAÑOL DE CONSUMOS
A15: 4 | B15: 45780 | C15: SERVMAD | D15: AB/ SUR 1 | E15: J44160 | F15: N/C | G15: 427700002432DW8800SEVA | H15: N/C | I15: ADQUISICION SERVMAD 4
I16: ITEM 1 | J16: N/C | K16: INSUMOS VARIOS | L16: 1 | M16: 1 | N16: 1 | O16: 1444350 | P16: =M16*O16 -> 1444350 | Q16: 1444350 | R16: =N16*Q16 -> 1444350 | S16: RETIRADO Y ALMACENADO EN PAÑOL DE CONSUMOS
A17: 5 | B17: 26/03/2025 | C17: SERVMAD | D17: AB/ SUR 1 | E17: J44239 | F17: N/C | G17: 427700002432DW8800SEVA | H17: N/C | I17: ADQUISICION SERVMAD 5
I18: ITEM 1 | J18: N/C | K18: INSUMOS VARIOS | L18: 1 | M18: 1 | N18: 1 | O18: 1988286 | P18: =M18*O18 -> 1988286 | Q18: 1988286 | R18: =N18*Q18 -> 1988286 | S18: RETIRADO Y ALMACENADO EN PAÑOL DE CONSUMOS
A19: 6 | B19: 30/04/2025 | C19: SERVMAD | D19: AB/ SUR 1 | E19: J44290 | F19: N/C | G19: 427700002432DW8800SEVA | H19: N/C | I19: ADQUISICION SERVMAD 6
I20: ITEM 1 | J20: N/C | K20: INSUMOS VARIOS | L20: 1 | M20: 1 | N20: 1 | O20: 2330800 | P20: =M20*O20 -> 2330800 | Q20: 2330800 | R20: =N20*Q20 -> 2330800 | S20: RETIRADO Y ALMACENADO EN PAÑOL DE CONSUMOS RETIRADO 07/05/2025
A21: 7 | B21: 45874 | C21: SERVMAD | D21: AB/ SUR 1 | E21: J44299 | F21: N/C | G21: 427700002432DW8800SEVA | H21: N/C | I21: ADQUISICION SERVMAD 7
I22: ITEM 1 | J22: N/C | K22: INSUMOS VARIOS | L22: 1 | M22: 1 | N22: 1 | O22: 587340 | P22: =M22*O22 -> 587340 | Q22: 587340 | R22: =N22*Q22 -> 587340 | S22: RETIRADO Y ALMACENADO EN PAÑOL DE CONSUMOS
A23: 8 | B23: 45874 | C23: SERVMAD | D23: AB/ SUR 1 | F23: N/C | G23: 427700002432DW8800SEVA | H23: N/C | I23: ADQUISICION SERVMAD 8
I24: ITEM 1 | J24: N/C | K24: INSUMOS VARIOS | L24: 1 | M24: 1 | N24: 1 | O24: 543920 | P24: =M24*O24 -> 543920 | Q24: 543920 | R24: =N24*Q24 -> 543920 | S24: RETIRADO Y ALMACENADO EN PAÑOL DE CONSUMOS
A25: 9 | B25: 45874 | C25: SERVMAD | D25: AB/ SUR 1 | E25: J44415 | F25: N/C | G25: 427700002432DW8800SEVA | H25: N/C | I25: ADQUISICION SERVMAD 9
I26: ITEM 1 | J26: N/C | K26: INSUMOS VARIOS | L26: 1 | M26: 1 | N26: 1 | O26: 3223687 | P26: =M26*O26 -> 3223687 | Q26: 3223687 | R26: =N26*Q26 -> 3223687 | S26: RETIRADO Y ALMACENADO EN PAÑOL DE CONSUMOS
O27: TOTAL | P27: =SUM(P10:P26) -> 12085066 | Q27: TOTAL | R27: =SUM(R10:R26) -> 12085066
A29: Nº | B29: FECHA RECEPCION SOLICITUD | C29: TIPO DE SOLICITUD | D29: DEPTO. Y DIV. | E29: NRO SOLCOM / PEDIMATS | F29: ORCOM SALINO | G29: CUENTA DE GASTO | H29: NRO OT | I29: NRO ITEMS | J29: Nº STOCK | K29: DESCRIPCION ITEMS | L29: CANT. PAPELETA | M29: CANT. SOLICITADA | N29: CANT. ENTREGADA | O29: VALOR UNITARIO SALINO | P29: VALOR TOTAL SALINO | Q29: VALOR UNITARIO REAL | R29: VALOR TOTAL REAL | S29: ESTADO ITEM
A30: 8 | B30: 45813 | C30: SERVMAD | D30: AB/ SUR 3 | E30: 162754 | F30: N/C | G30: 427700002432DW8800SEVA | H30: N/C | I30: ADQUISICION HOSPITAL NAVAL 1
I31: ITEM 1 | J31: N/C | K31: ADQUISICION DE INSUMOS MEDICOS | L31: 1 | M31: 1 | N31: 1 | O31: 1693369 | P31: =M31*O31 -> 1693369 | Q31: 1693369 | R31: =N31*Q31 -> 1693369 | S31: RETIRADO, PAGADO
A32: 9 | B32: 45813 | C32: SERVMAD | D32: AB/ SUR 3 | E32: 162754 | F32: N/C | G32: 427700002432DW8800SEVA | H32: N/C | I32: ADQUISICION HOSPITAL NAVAL 2
I33: ITEM 1 | J33: N/C | K33: ADQUISICION DE FARMACOS | L33: 1 | M33: 1 | N33: 1 | O33: 208307 | P33: =M33*O33 -> 208307 | Q33: 208307 | R33: =N33*Q33 -> 208307 | S33: RETIRADO, PAGADO
O34: TOTAL | P34: =SUM(P31:P33) -> 1901676 | Q34: TOTAL | R34: =SUM(R31:R33) -> 1901676

Sheet INVE 2025
A1: Nº | B1: FECHA RECEPCION SOLICITUD | C1: TIPO DE SOLICITUD | D1: DEPTO. Y DIV. | E1: NRO SOLCOM / PEDIMATS | F1: ORCOM SALINO | G1: CUENTA DE GASTO | H1: NRO OT | I1: NRO ITEMS | J1: Nº STOCK | K1: DESCRIPCION ITEMS | L1: CANT. PAPELETA | M1: CANT. SOLICITADA | N1: CANT. ENTREGADA | O1: VALOR UNITARIO SALINO | P1: VALOR TOTAL SALINO | Q1: VALOR UNITARIO REAL | R1: VALOR TOTAL REAL | S1: ESTADO ITEM
A2: 1 | B2: 31/01/2025 | C2: PEDIMENTO | D2: ING / ANCLA | E2: G15883 | F2: N/C | G2: 427700001246IH8800INVE | H2: N/C | I2: MOTOR FUERA DE BORDA
I3: ITEM 1 | J3: X262694 | K3: MOTOR FUERA DE BORDA MARINER 50 HP ML 4T | L3: 1 | M3: 1 | N3: 1 | O3: 9561579 | P3: =M3*O3 -> 9561579 | Q3: 9561579 | R3: =N3*Q3 -> 9561579 | S3: OK RECIBIDO POR C1 TORRES
A4: 2 | B4: 45720 | C4: PEDIMENTO FLOTA | D4: ING / ANCLA | E4: E16659 | F4: N/C | G4: 427700001246IH8800INVE | H4: PV17632 | I4: REPARACION FALLA MODULO FDM
I5: ITEM 1 | J5: 13354451 | K5: ELECTRONIC COMPONENT ASSEMBLY | L5: 1 | M5: 1 | N5: 1 | O5: 226458 | P5: =O5*M5 -> 226458 | Q5: =P5*N5 -> 226458 | R5: =Q5*N5 -> 226458 | S5: OK ENTREGADO CONFORME AL CARGO INGENIERIA ANCLA
O6: TOTAL | P6: =SUM(P3:P5) -> 9788037 | Q6: TOTAL | R6: =SUM(R3:R5) -> 9788037
A8: Nº | B8: FECHA RECEPCION SOLICITUD | C8: TIPO DE SOLICITUD | D8: DEPTO. Y DIV. | E8: NRO SOLCOM / PEDIMATS | F8: ORCOM SALINO | G8: CUENTA DE GASTO | H8: NRO OT | I8: NRO ITEMS | J8: Nº STOCK | K8: DESCRIPCION ITEMS | L8: CANT. PAPELETA | M8: CANT. SOLICITADA | N8: CANT. ENTREGADA | O8: VALOR UNITARIO SALINO | P8: VALOR TOTAL SALINO | Q8: VALOR UNITARIO REAL | R8: VALOR TOTAL REAL | S8: ESTADO ITEM
A9: 1 | B9: 31/01/2025 | C9: PEDIMENTO | D9: AB/ SUR 2 | E9: K15536 | F9: N/C | G9: 427700001246IH8800INVE | H9: N/C | I9: TRITURADORA
I10: ITEM 1 | J10: X239706 | K10: DESTRUCTORA DE PAPEL | L10: 1 | M10: 1 | N10: 1 | O10: 1925000 | P10: =M10*O10 -> 1925000 | Q10: 1925000 | R10: =N10*Q10 -> 1925000 | S10: RECIBIDO POR C2 ITURRIETA
O11: TOTAL | P11: =SUM(P10:P10) -> 1925000 | Q11: TOTAL | R11: =SUM(R10:R10) -> 1925000

Sheet DDTT 2025
A1: Nº | B1: FECHA RECEPCION SOLICITUD | C1: TIPO DE SOLICITUD | D1: DEPTO. Y DIV. | E1: NRO SOLCOM / PEDIMATS | F1: ORCOM SALINO | G1: CUENTA DE GASTO | H1: NRO OT | I1: NRO ITEMS | J1: Nº STOCK | K1: DESCRIPCION ITEMS | L1: CANT. PAPELETA | M1: CANT. SOLICITADA | N1: CANT. ENTREGADA | O1: VALOR UNITARIO SALINO | P1: VALOR TOTAL SALINO | Q1: VALOR UNITARIO REAL | R1: VALOR TOTAL REAL | S1: ESTADO ITEM
A2: 3 | B2: 21/04/2025 | C2: PEDIMENTO | D2: ING / MENA | E2: C17701 | F2: N/C | G2: 427700001246XR8800DDTT | H2: SIN OT | I2: ADQUISICION DE VALVULA
I3: ITEM 1 | J3: 12570998 | K3: VALVE, SAFETY RELIEF | L3: 1 | M3: 1 | N3: 1 | O3: 410727 | P3: =M3*O3 -> 410727 | Q3: 0 | R3: =N3*Q3 -> 0 | S3: COMPRADO Y ENTREGADO A T1 PINEDA 25/04/2025
O4: TOTAL | P4: =SUM(P2:P3) -> 410727 | Q4: TOTAL | R4: =SUM(R2:R3) -> 0

Sheet PENDIENTES 
B2: NRO SOLCOM / PEDIMATS | C2: NRO ITEMS | D2: Nº STOCK | E2: DESCRIPCION ITEMS | F2: CANT. PAPELETA | G2: CANT. SOLICITADA | H2: CANT. ENTREGADA | I2: VALOR UNITARIO SALINO | J2: VALOR TOTAL SALINO | K2: VALOR UNITARIO REAL | L2: VALOR TOTAL REAL | M2: ESTADO ITEM | N2: ESTADO
A3: REPUESTOS | B3: K17137 | C3: ITEM 10 | D3: 14293311 | E3: FILTER ELEMENT,INTAKE | F3: 8 | G3: 3 | I3: 425187.3 | J3: =I3*G3 -> 1275561.9 | K3: 425187 | L3: 1275562 | M3: EN VALPABAS, CONSULTAR RETIRO
B4: L16507 | C4: ITEM 1 | D4: 10645525 | E4: SENSOR TEMPERATURE JACKET WATER OUT | F4: 2 | G4: 2 | H4: 2 | I4: 0 | J4: =L4 -> 1500400 | K4: 750200 | L4: =K4*H4 -> 1500400 | M4: ORCOM MP 3086-795-SE25 ACEPTADA, ENTREGA DE LOS PRODUCTOS 25/08/2025
B5: M17242 | C5: ITEM 1 | D5: 15075234 | E5: RESISTOR,THERMAL | F5: 6 | G5: 6 | H5: 6 | I5: 325716 | J5: =L5 -> 2704200 | K5: 450700 | L5: =K5*H5 -> 2704200 | M5: ORCOM MP 3086-795-SE25 ACEPTADA, ENTREGA DE LOS PRODUCTOS 25/08/2025
B6: M17636 | C6: ITEM 1 | D6: 11264376 | E6: THERMOCOUPLE | F6: 2 | G6: 0 | H6: 193130 | I6: 193130 | J6: =I6 -> 193130 | K6: 0 | L6: =K6*H6 -> 0 | M6: PEDIMAT EFECTUADO EN 1Z, PEDIMENTO L16508 ES 2ZN, RETIRAR DE VALPABAS EN PROCESO DE LICITACION, EN ETAPA DE ADJUDICACION
B7: K16829 | C7: ITEM 1 | D7: AR0001344 | E7: TOOL KIT, GENERAL MECHANICS | F7: 4 | G7: 4 | H7: 4 | I7: 130900 | J7: =L7 -> 1104000 | K7: 276000 | L7: =K7*H7 -> 1104000 | M7: ORCOM MP 3086-794-SE25 ACEPTADA, ENTREGA DE LOS PRODUCTOS 27/08/2025
B8: K16928 | C8: ITEM 2 | D8: 3900727 | E8: ANODE CORROSION PREVENTIVE 2" X 0.675" | F8: 10 | G8: 9 | H8: 0 | I8: 77523 | J8: =I8*G8 -> 697707 | K8: 0 | L8: 0 | M8: PEDIMENTO EFCTUADO POR 9, EN ESTATUS 3, EN PROCESO DE LICITACION, ETAPA DE ADJUDICACION
C9: ITEM 4 | D9: AR0005855 | E9: KIT DE MANTENIMIENTO 300 HORAS 40/50/60 HP BF Y CT | F9: 1 | G9: 0 | H9: 0 | I9: 204895 | J9: =I9 -> 204895 | K9: 0 | L9: =K9*H9 -> 0 | M9: CONFECCIONAR PEDIMAT 30 VALPABAS
C10: ITEM 10 | D10: X264839 | E10: GEAR CASE PRESSURE TESTER | F10: 1 | G10: 0 | H10: 0 | I10: 169200 | J10: =I10 -> 169200 | K10: 0 | L10: =K10*H10 -> 0 | M10: CONFECCIONAR PEDIMAT
B11: M17300 | C11: ITEM 1 | D11: 6046654 | E11: SCAVENGE OIL FILTER | F11: 4 | G11: 2 | H11: 0 | I11: 1137322.5 | J11: =I11*G11 -> 2274645 | K11: 0 | L11: =K11*H11 -> 0 | M11: 3
B12: M17300 | C12: ITEM 2 | D12: 10495782 | E12: SIPPLY OIL FILTER | F12: 6 | G12: 2 | I12: 1111494 | J12: =I12*G12 -> 2222988 | K12: 0 | L12: =K12*H12 -> 0 | M12: 3
C13: ITEM 10 | D13: 9312473 | E13: FILTER ELEMENT | F13: 18 | G13: 0 | H13: 1125396 | J13: 1125396 | K13: 0 | L13: =K13*H13 -> 0 | M13: HACER PEDIMAT FLOTA PRAT 25
B14: M17300 | C14: ITEM 5 | D14: 11273874 | E14: FITROS CUADRUPLEX CPP | F14: 14 | G14: 14 | H14: 746592 | I14: 0 | J14: =H14 -> 746592 | K14: 0 | L14: =K14*H14 -> 0 | M14: EN PROCESO DE ADJUDICACION, NO SE ENTREGA FOTO REFERENCIAL EN ETAPA DE PREGUNTAS
B15: M17300 | C15: ITEM 6 | D15: 5989291 | E15: PACKING, PERFORMED | F15: 2 | G15: 2 | I15: 127162 | J15: =I15*G15 -> 254324 | K15: 0 | L15: =K15*H15 -> 0 | M15: 3
C16: ITEM 12 | D16: 9733909 | E16: FILTER ELEMENT | F16: 2 | G16: 0 | H16: 181880 | I16: 0 | J16: =H16 -> 181880 | K16: 0 | L16: =K16*H16 -> 0 | M16: HACER PEDIMAT FLOTA LT 25, FLOTA PRAT 1
C17: ITEM 13 | D17: 2294157 | E17: FILTER ELEMENT, FLUID | F17: 6 | G17: 0 | H17: 59970 | I17: 0 | J17: =H17 -> 59970 | K17: 0 | L17: =K17*H17 -> 0 | M17: HACER PEDIMAT FLOTA MONTT 49
B18: M17300 | C18: ITEM 7 | D18: 1661062 | E18: O RING | F18: 6 | G18: 6 | I18: 1559 | J18: =I18*G18 -> 9354 | K18: 0 | L18: =K18*H18 -> 0 | M18: 3
C19: ITEM 16 | D19: 200064 | E19: O RING | F19: 6 | G19: 0 | H19: 18288 | I19: 0 | J19: 18288 | K19: 0 | L19: =K19*H19 -> 0 | M19: HACER PEDIMAT FLOTA PRAT 2, VALPABAS 4
B20: M17300 | C20: ITEM 8 | D20: 11464563 | E20: O RING | F20: 12 | G20: 12 | I20: 5177.1 | J20: =I20*G20 -> 62125.2 | K20: 0 | L20: =K20*H20 -> 0 | M20: 3
C21: ITEM 17 | D21: 200067 | E21: O RING | F21: 6 | G21: 0 | H21: 12960 | I21: 0 | J21: =H21 -> 12960 | K21: 0 | L21: =K21*H21 -> 0 | M21: HACER PEDIMAT FLOTA LT 02, VALPABAS 38
B22: M17300 | C22: ITEM 9 | D22: 3174976 | E22: WASHER, FLAT | F22: 6 | G22: 6 | I22: 1770.2 | J22: =I22*G22 -> 10621.2 | K22: 0 | L22: =K22*H22 -> 0 | M22: 3
C23: ITEM 18 | D23: 13553686 | E23: GASKET | F23: 8 | G23: 0 | H23: 1760 | I23: 0 | J23: 1760 | K23: 0 | L23: =K23*H23 -> 0 | M23: HACER PEDIMAT VALPABAS 4
C24: ITEM 3 | D24: 200186 | E24: PACKING | F24: 8 | G24: 0 | H24: 1336 | I24: 0 | J24: 1333 | K24: 0 | L24: =K24*H24 -> 0 | M24: HACER PEDIMAT FLOTA MONTT 16
B25: J17221 | C25: ITEM 1 | D25: 11893348 | E25: FILTER,FLUID | F25: 1 | G25: 1 | H25: 0 | I25: 589278 | J25: =I25*G25 -> 589278 | K25: 0 | L25: =K25*H25 -> 0 | M25: PEDIMAT CREADO, REBAJAR Y ENTREGAR
B26: F15498 | C26: ITEM 2 | D26: 12402009 | E26: FILTER ELEMENT,FLUID | F26: 2 | G26: 2 | H26: 0 | I26: 10000 | J26: =I26*G26 -> 20000 | K26: 0 | L26: =K26*H26 -> 0 | M26: COMPRADO, PENDIENTE DE RECEPCIÓN, DE ACUERDO A SALNO SE RECIBIO EL 5 DE AGOSTO, SE DEBE VERIFICAR EN QUE LUGAR SE ENCUENTRA
B27: F15498 | C27: ITEM 3 | D27: X269236 | E27: BRAZING ALLOY,SILVER | F27: 2 | G27: 2 | H27: 2 | I27: 11900 | J27: =I27*G27 -> 23800 | K27: =10000*1.19 -> 11900 | L27: =K27*H27 -> 23800 | M27: STATUS 2, RETIRAR DESDE VALPABAS, FECHA DE ENTREGA 23/05/2025
B28: F15498 | C28: ITEM 8 | D28: 13509101 | E28: FILTER ELEMENT,FLUID | F28: 1 | G28: 1 | H28: 0 | I28: 23432 | J28: =I28*G28 -> 23432 | K28: 23432 | L28: 0 | M28: STATUS 3, PREGUNTAR ESTADO PROCESO
B29: E16513 | C29: ITEM 1 | D29: 14081609 | E29: VALVE ASSEMBLY | F29: 4 | G29: 4 | I29: 317874.2 | J29: =I29*G29 -> 1271496.8 | K29: 0 | L29: =K29*H29 -> 0 | M29: STATUS 3, PREGUNTAR ESTADO PROCESO
B30: H16872 | C30: ITEM 1 | D30: 13509101 | E30: FILTRO PURIFICADOR | F30: 2 | G30: 2 | I30: 23432 | J30: =I30*G30 -> 46864 | K30: 0 | L30: =K30*H30 -> 0 | M30: ESTATUS 3, SE RETIRO 1, FALTA QUE SEA INGRESADO AL SISTEMA EL FALTANTE PARA RETIRAR, M1 ASSANS RAIN
B31: J15108 | C31: ITEM 1 | D31: 14784657 | E31: BATTERY | F31: 3 | G31: 3 | H31: 3 | I31: 113533 | J31: 255000 | K31: 85000 | L31: =K31*H31 -> 255000 | M31: LISTO PARA SER RETIRADO
A32: CONSUMOS | B32: M17241 | C32: ITEM 1 | D32: 14634470 | E32: BATERY STORAGE | F32: 100 | G32: 100 | H32: 0 | I32: 14131.9 | J32: =G32*I32 -> 1413190 | K32: 0 | L32: =H32*K32 -> 0 | M32: BATERIAS PARA RETIRO (12), SE HAN IDO A RETIRAR EN IMNUMERABLES VECES Y NO SE HAN ENCONTRADO DISPONIBLES EN ALMACEN 21
B33: J16401 | C33: ITEM 1 | D33: 2804431 | E33: FUSIBLE 250V 10A | F33: 60 | G33: 60 | H33: 0 | I33: 38743 | J33: =G33*I33 -> 2324580 | K33: 0 | L33: =H33*K33 -> 0 | M33: SE ENVIO CORREO A COMPRADORES VALPABAS OBJETO PUEDAN INFORMAR ESTADO DE LOS ITEMS
B34: J16401 | C34: ITEM 2 | D34: 2804428 | E34: FUSIBLE 250V 15A | F34: 60 | G34: 60 | H34: 0 | I34: 707.54 | J34: =G34*I34 -> 42452.4 | K34: 0 | L34: =H34*K34 -> 0 | M34: SE ENVIO CORREO A COMPRADORES VALPABAS OBJETO PUEDAN INFORMAR ESTADO DE LOS ITEMS
B35: G16207 | C35: ITEM 1 | D35: 2668691 | E35: GUANTES ELECTRICISTA | F35: 4 | G35: 4 | H35: 4 | I35: 36000 | J35: =G35*I35 -> 144000 | K35: 43900 | L35: =H35*K35 -> 175600 | M35: ORCOM MP 3086-794-SE25 ACEPTADA, ENTREGA DE LOS PRODUCTOS 27/08/2025
B36: G16207 | C36: ITEM 2 | D36: X207182 | E36: MATERIALES DE FABRICACION DE PLASTICO | F36: 50 | G36: 50 | H36: 50 | I36: 2630 | J36: =G36*I36 -> 131500 | K36: 3200 | L36: =H36*K36 -> 160000 | M36: ORCOM MP 3086-794-SE25 ACEPTADA, ENTREGA DE LOS PRODUCTOS 27/08/2025
B37: C18213 | C37: ITEM 1 | D37: AR0019917 | E37: LIQUID CONTROL GUARD DE 20KG | F37: 8 | G37: 8 | H37: 0 | I37: 83300 | J37: =G37*I37 -> 666400 | K37: 0 | L37: =H37*K37 -> 0 | M37: ORCOM MP 3086-793-SE25 ACEPTADA, ENTREGA DE LOS PRODUCTOS 01/09/2025
B38: J16342 | C38: ITEM 1 | D38: AR0019917 | E38: INHIBITOR,CORROSION,WATER SOLUBLE ; | F38: 8 | G38: 8 | H38: 0 | I38: 83300 | J38: =G38*I38 -> 666400 | K38: 0 | L38: =H38*K38 -> 0 | M38: ORCOM MP 3086-793-SE25 ACEPTADA, ENTREGA DE LOS PRODUCTOS 01/09/2025
B39: M15945 | C39: ITEM 3 | D39: 5040540 | E39: FUSE,CARTRIDGE | F39: 100 | G39: 50 | H39: 0 | I39: 5122.5 | J39: =G39*I39 -> 256125 | K39: 0 | L39: =H39*K39 -> 0 | M39: SE ENVIO CORREO A S2 JOSÉ HERRERA,QUIROZ 533408-9, PREGUNTANDO POR RECEPCION DEL ITEM 26-08
B40: M15945 | C40: ITEM 8 | D40: 7648237 | E40: LAMP,INCANDESCENT | F40: 100 | G40: 100 | H40: 0 | I40: 1583.41 | J40: 158341 | K40: 0 | L40: 0 | M40: SE ENVIO CORREO A S2 JOSÉ HERRERA,QUIROZ 533408-9, PREGUNTANDO POR RECEPCION DEL ITEM 26-08
B41: M16153 | C41: ITEM 3 | D41: 5040540 | E41: FUSE,CARTRIDGE | F41: 100 | G41: 5 | H41: 0 | I41: 5122.4 | J41: 25612 | K41: 0 | L41: 0 | M41: SE ENVIO CORREO A S2 JOSÉ HERRERA,QUIROZ 533408-9, PREGUNTANDO POR RECEPCION DEL ITEM 26-08
B42: M16153 | C42: ITEM 8 | D42: 7648237 | E42: LAMP,INCANDESCENT | F42: 100 | G42: 10 | H42: 0 | I42: 1583.4 | J42: 15834 | K42: 0 | L42: 0 | M42: SE ENVIO CORREO A S2 JOSÉ HERRERA,QUIROZ 533408-9, PREGUNTANDO POR RECEPCION DEL ITEM 26-08
B43: B87886 | C43: ITEM 2 | D43: 998821485 | E43: SORBENT OIL | F43: 9 | G43: 9 | H43: 9 | I43: 67830 | J43: =G43*I43 -> 610470 | K43: 57200 | L43: =H43*K43 -> 514800 | M43: ORCOM MP 3086-792-SE25 ACEPTADA, ENTREGA DE LOS PRODUCTOS 27/08/2025
B44: C16822 | C44: ITEM 1 | E44: BAR METAL | F44: 1 | G44: 0 | H44: 0 | I44: 37600 | J44: =G44*I44 -> 0 | K44: 0 | L44: =H44*K44 -> 0 | M44: FUE COMPRADO Y RECIBIDO POR C2 LERMANDA ALMACEN DE RECEPCION, PERO ITEM FUE ELIMINADO, PREGUNTAR EN ESTOS CASOS
B45: C16822 | C45: ITEM 2 | D45: X224100 | E45: BAR METAL | F45: 1 | G45: 0 | H45: 0 | I45: 150200 | J45: =G45*I45 -> 0 | K45: 0 | L45: =H45*K45 -> 0 | M45: FUE COMPRADO Y RECIBIDO POR C2 LERMANDA ALMACEN DE RECEPCION, PERO ITEM FUE ELIMINADO, PREGUNTAR EN ESTOS CASOS
B46: C16822 | C46: ITEM 3 | D46: 12402009 | E46: FILTER ELEMENT,FLUID | F46: 8 | G46: 8 | H46: 0 | I46: 10000 | J46: =G46*I46 -> 80000 | K46: 10000 | L46: =H46*K46 -> 0 | M46: SE ENVIO CORREO A S2 JOSÉ HERRERA,QUIROZ 533408-9, PREGUNTANDO POR RECEPCION DEL ITEM 26-08
B47: F15454 | C47: ITEM 2 | D47: 55030 | E47: CARTRIDGE,WATER | F47: 3 | G47: 3 | H47: 1 | I47: 164810.5 | J47: =G47*I47 -> 494431.5 | K47: 164811 | L47: =H47*K47 -> 164811 | M47: SE DEBE PREGUNTAR POR LO FALTANTE, YA QUE SOLO SE HA RETIRADO 1
B48: F15454 | C48: ITEM 6 | D48: 1775094 | E48: SILICONE COMPOUND | F48: 3 | G48: 3 | H48: 2 | I48: 15399 | J48: =G48*I48 -> 46197 | K48: 0 | L48: =H48*K48 -> 0 | M48: SE ENVIO CORREO A S2 JOSÉ HERRERA,QUIROZ 533408-9, PREGUNTANDO POR RECEPCION DEL ITEM 26-08
B49: F15454 | C49: ITEM 14 | D49: 123454518 | E49: CLEANING COMPOUND | F49: 10 | G49: 10 | H49: 10 | I49: 3689 | J49: =G49*I49 -> 36890 | K49: 3990 | L49: =H49*K49 -> 39900 | M49: VERIFICAR SI FUE RECIBIDO, MRO MUÑOZ, SINO RETIRAR EN VALPABAS, APARECE QUE FUE RECIBIDO POR C2 LERMANDA DE RECEPCION
A50: LUBRICANTES | B50: C17780 | C50: ITEM 3 | D50: AR0009024 | E50: LUBRICATING OIL,GEAR | F50: 6 | G50: 6 | H50: 0 | I50: 45229 | J50: =G50*I50 -> 271374 | K50: 0 | L50: =H50*K50 -> 0 | M50: SE ENVIO CORREO A COMPRADORES VALPABAS OBJETO PUEDAN INFORMAR ESTADO DE LOS ITEMS
B51: M16872 | C51: ITEM 1 | D51: X222832 | E51: LUBRICATING OIL,GEAR | F51: 2000 | G51: 0 | H51: 0 | I51: 3330 | J51: =G51*I51 -> 0 | K51: 0 | L51: =H51*K51 -> 0 | M51: FUE COMPRADO Y RECIBIDO POR C2 LERMANDA ALMACEN DE RECEPCION, PERO ITEM FUE ELIMINADO, PREGUNTAR EN ESTOS CASOS
B52: M16872 | C52: ITEM 3 | D52: 222207199 | E52: LUBRICATING OIL,GEAR | F52: 6 | G52: 6 | H52: 0 | I52: 69028 | J52: =G52*I52 -> 414168 | K52: 0 | L52: =H52*K52 -> 0 | M52: SE ENVIO CORREO A COMPRADORES VALPABAS OBJETO PUEDAN INFORMAR ESTADO DE LOS ITEMS
B53: M16871 | C53: ITEM 1 | D53: 145641180 | E53: LUBRICATING OIL, | F53: 10 | G53: 20 | I53: 310864.89 | J53: =G53*I53 -> 6217297.8 | K53: 310864 | L53: =K53*H53 -> 0 | M53: VERIFICAR SI FUE RECIBIDO, MRO MUÑOZ, SINO RETIRAR EN VALPABAS, APARECE QUE FUE RECIBIDO POR C2 LERMANDA DE RECEPCION
B54: M16871 | C54: ITEM 3 | D54: 661333214 | E54: LUBRICATING OIL, | F54: 1 | G54: 1 | I54: 373700 | J54: =G54*I54 -> 373700 | K54: 0 | L54: =H54*K54 -> 0 | M54: SE ENVIO CORREO A COMPRADORES VALPABAS OBJETO PUEDAN INFORMAR ESTADO DE LOS ITEMS
